 Dungeon Crawl Stone Soup version 0.31-a0-948-gf5be29c462 (webtiles) character file.

Game seed: 2450509079629249063

2046956 Sergey the Evocator (level 27, 292/292 HPs)
             Began as a Naga Summoner on Oct 21, 2023.
             Was the Champion of Ashenzari.
             Escaped with the Orb
             ... and 4 runes!
             The game lasted 02:36:28 (84135 turns).

Sergey the Evocator (Naga Summoner)                Turns: 84135, Time: 02:36:28

Health: 292/292    AC: 29    Str: 15    XL:     27
Magic:  50/52      EV: 12    Int: 36    God:    Ashenzari [******]
Gold:   1961       SH:  8    Dex: 13    Spells: 11/77 levels left

rFire   + + .        w - +9 demon trident of the Soothsayer {spect, Self, Fort} (curse)
rCold   + + +        S - +2 buckler of Ouranomancy {Self, Dev} (curse)
rNeg    . . .        I - +2 robe "Sorrow of Ashenzari" {rC+ rF+, Range, Melee} (curse)
rPois   +            r - +3 crown of Dyrovepreva {rElec Int+2 SInv, Self, Dev} (curse)
rElec   +            T - scarf of the Shackled Vision {rC+ rF+, Elem, Comp} (curse)
rCorr   .            D - +2 pair of gloves of the Restrained Sun {Stlth+, Cun, Elem} (curse)
SInv    +            n - +4 barding of Curses and Power {Elem, Melee} (curse)
Will    +++++        u - amulet "At What Cost Knowledge?" {Acrobat Regen+, Self, Bglg} (curse)
Stlth   ++           Q - ring "Eternal With Me" {rC+ Will++ Str+4, Elem, Bglg} (curse)
HPRegen 1.48/turn    K - ring of the Shattered Sphere {Int+6, Cun, Melee} (curse)
MPRegen 0.33/turn

%: acrobat, clarity
@: studying 3 skills, very slow
A: AC +9, large, see invisible, deformed body, poison resistance, slowness 2,
spit poison 1, naga tail 2
0: Orb of Zot
}: 4/15 runes: decaying, serpentine, slimy, silver
a: Spit Poison, Renounce Religion, Shatter the Chains


You escaped.
You worshipped Ashenzari.
Ashenzari was exalted by your worship.
You visited 11 branches of the dungeon, and saw 55 of its levels.
You also visited: Ossuary and Wizlab.

You collected 8422 gold pieces.
You spent 6461 gold pieces at shops.

Inventory:

Hand Weapons
 g - a +0 short sword of distortion {!w}
 w - the cursed +9 demon trident of the Soothsayer (weapon) {spect, Self, Fort}
   (You took it off Mara on level 4 of the Vaults)

   It has a curse which improves the following skills: Introspection: Fighting
   and Spellcasting.
   Fortitude: Armour and Shields.
Missiles
 y - a throwing net
 R - 10 curare-tipped darts
Armour
 n - the cursed +4 barding of Curses and Power (worn) {Elem, Melee}
   (You took it off a yaktaur on level 1 of the Vaults)

   It has a curse which improves the following skills: Elements: Fire Magic, Ice
   Magic, Air Magic and Earth Magic.
   Melee Combat: Short Blades, Long Blades, Axes, Maces & Flails, Polearms,
   Staves and Unarmed Combat.
 r - the cursed +3 crown of Dyrovepreva (worn) {rElec Int+2 SInv, Self, Dev}
   (You bought it in a shop on level 2 of the Orcish Mines)

   Int+2:     It affects your intelligence (+2).
   rElec:     It insulates you from electricity.
   SInv:      It lets you see invisible.
   It has a curse which improves the following skills: Introspection: Fighting
   and Spellcasting.
   Devices:   Evocations and Shapeshifting.
 D - the cursed +2 pair of gloves of the Restrained Sun (worn) {Stlth+, Cun, Elem}
   (You found it on level 5 of the Lair of Beasts)

   It has a curse which improves the following skills: Cunning: Dodging and
   Stealth.
   Elements:  Fire Magic, Ice Magic, Air Magic and Earth Magic.
 I - the cursed +2 robe "Sorrow of Ashenzari" (worn) {rC+ rF+, Range, Melee}
   (You found it on level 5 of the Pits of Slime)

   It has a curse which improves the following skills: Ranged Combat: Ranged
   Weapons and Throwing.
   Melee Combat: Short Blades, Long Blades, Axes, Maces & Flails, Polearms,
   Staves and Unarmed Combat.
 S - the cursed +2 buckler of Ouranomancy (worn) {Self, Dev}
   (You took it off a spriggan on level 1 of the Swamp)

   It has a curse which improves the following skills: Introspection: Fighting
   and Spellcasting.
   Devices:   Evocations and Shapeshifting.
 T - the cursed scarf of the Shackled Vision (worn) {rC+ rF+, Elem, Comp}
   (You bought it in a shop on level 15 of the Dungeon)

   It has a curse which improves the following skills: Elements: Fire Magic, Ice
   Magic, Air Magic and Earth Magic.
   Companions: Summonings and Necromancy.
Jewellery
 o - the amulet "Ariafrot" {+Blink Regen+ Stlth+}
   (You found it on level 3 of the Crypt)

   [amulet of regeneration]

   +Blink:    It lets you blink.
   Regen+:    It increases your rate of health regeneration.
   Stlth+:    It makes you more stealthy.
 u - the cursed amulet "At What Cost Knowledge?" (around neck) {Acrobat Regen+, Self, Bglg}
   (You bought it in a shop on level 3 of the Vaults)

   [amulet of the acrobat]

   Acrobat:   It increases your evasion while moving and waiting.
   Regen+:    It increases your rate of health regeneration.
   It has a curse which improves the following skills: Introspection: Fighting
   and Spellcasting.
   Beguiling: Conjurations, Hexes and Translocations.
 F - the ring of Vufic {rElec rN+ rCorr}
   (You found it on level 5 of the Pits of Slime)

   [ring of resist corrosion]

   rElec:     It insulates you from electricity.
   rN+:       It protects you from negative energy.
   rCorr:     It protects you from acid and corrosion.
 K - the cursed ring of the Shattered Sphere (right hand) {Int+6, Cun, Melee}
   (You found it on level 6 of the Dungeon)

   [ring of intelligence]

   Int+6:     It affects your intelligence (+6).
   It has a curse which improves the following skills: Cunning: Dodging and
   Stealth.
   Melee Combat: Short Blades, Long Blades, Axes, Maces & Flails, Polearms,
   Staves and Unarmed Combat.
 L - the ring "Doqyin" {Fly rElec Str-5 Dex+2}
   (You found it on level 2 of the Snake Pit)

   [ring of flight]

   Str-5:     It affects your strength (-5).
   Dex+2:     It affects your dexterity (+2).
   rElec:     It insulates you from electricity.
   Fly:       It grants you flight.
 Q - the cursed ring "Eternal With Me" (left hand) {rC+ Will++ Str+4, Elem, Bglg}
   (You took it off a deep elf high priest on level 3 of the Elven Halls)

   [ring of protection from cold]

   Str+4:     It affects your strength (+4).
   rC+:       It protects you from cold.
   Will++:    It greatly increases your willpower.
   It has a curse which improves the following skills: Elements: Fire Magic, Ice
   Magic, Air Magic and Earth Magic.
   Beguiling: Conjurations, Hexes and Translocations.
 W - the ring of Curiosity {rF+ Dex+3}
   (You found it on level 5 of the Pits of Slime)

   [ring of protection from fire]

   Dex+3:     It affects your dexterity (+3).
   rF+:       It protects you from fire.
 Z - the ring "Faicroa" {rPois rN+ Str+2}
   (You found it on level 3 of the Crypt)

   [ring of positive energy]

   Str+2:     It affects your strength (+2).
   rPois:     It protects you from poison rN+: It protects you from negative
   energy.
Wands
 c - a wand of quicksilver (18)
 i - a wand of roots (88)
 v - a wand of digging (15)
 E - a wand of mindburst (41)
 O - a wand of paralysis (58)
Scrolls
 a - 5 scrolls of immolation
 h - 3 scrolls of silence {!r}
 m - 5 scrolls of blinking {@r4}
 p - 4 scrolls of fog {@r2}
 s - 23 scrolls of teleportation {@r3}
 A - 6 scrolls of summoning {!r}
 N - 10 scrolls of vulnerability {!r}
 V - 10 scrolls of fear
 Y - 6 scrolls of amnesia
Potions
 b - 6 potions of magic
 d - 4 potions of brilliance
 e - 21 potions of curing {@q2}
 f - 7 potions of berserk rage
 j - 3 potions of invisibility
 k - 23 potions of heal wounds {@q1}
 l - 9 potions of enlightenment
 t - 10 potions of might {@q3}
 G - 5 potions of resistance
 H - 7 potions of cancellation
 J - 8 potions of mutation
 M - 6 potions of haste {@q5}
 P - 3 potions of ambrosia
 X - 10 potions of lignification
Miscellaneous
 q - a lightning rod (4/4)
 B - a tin of tremorstones (2/2)
 C - a box of beasts (inert)
 U - a phantom mirror


   Skills:
 + Level 20.6(25.9) Fighting
 - Level 10.8(15.5) Polearms
 - Level 7.7(10.2) Armour
 - Level 8.3(11.9) Dodging
 - Level 5.0(8.4) Stealth
 - Level 7.7(10.3) Shields
 - Level 20.1(25.5) Spellcasting
 - Level 9.8(13.4) Conjurations
 - Level 15.9(18.3) Summonings
 - Level 4.0(7.2) Translocations
 - Level 15.0(20.6) Fire Magic
 - Level 8.0(13.6) Air Magic
 - Level 7.7(13.3) Earth Magic
 + Level 22.3(25.4) Evocations


You had 11 spell levels left.
You knew the following spells:

 Your Spells              Type           Power      Damage    Failure   Level
a - Airstrike             Air            48%        2d(7-23)  1%          4
b - Malign Gateway        Summ/Tloc      47%        N/A       2%          7
c - Summon Cactus Giant   Summ           54%        N/A       1%          6
d - Summon Guardian Gole  Hex/Summ       85%        N/A       1%          3
e - Call Canine Familiar  Summ           100%       N/A       0%          3
f - Spellforged Servitor  Conj/Summ      51%        N/A       1%          7
g - Summon Horrible Thin  Summ           54%        N/A       1%          8
h - Call Imp              Summ           100%       N/A       0%          2
i - Lehudib's Crystal Sp  Conj/Erth      48%        10d12     16%         8
m - Ignition              Fire           57%        3d16      1%          8
r - Summon Lightning Spi  Summ/Air       100%       N/A       0%          4
z - Bombard               Conj/Erth      48%        9d8       1%          6

Your spell library contained the following spells:

 Spells                   Type           Power      Damage    Failure   Level
 Magic Dart               Conj           100%       1d8       0%          1
 Shock                    Conj/Air       100%       1d9       0%          1
 Summon Small Mammal      Summ           100%       N/A       0%          1
 Momentum Strike          Conj/Tloc      100%       3d10      0%          2
 Scorch                   Fire           100%       2d9       0%          2
 Static Discharge         Conj/Air       100%       3-8/arc   0%          2
 Stone Arrow              Conj/Erth      100%       3d13      0%          3
 Swiftness                Air            97%        N/A       0%          3
 Animate Armour           Summ/Erth      100%       N/A       0%          4
 Flame Wave               Conj/Fire      100%       2d21      0%          4
 Sticky Flame             Conj/Fire      100%       2d11      0%          4
 Fireball                 Conj/Fire      53%        3d21      0%          5
 Kiss of Death            Conj/Necr      100%       2d13      1%          1
 Necrotise                Necr           100%       1d9       1%          1
 Slow                     Hex            100%       N/A       1%          1
 Sting                    Tmut/Pois      100%       1d8       1%          1
 Ensorcelled Hibernation  Hex/Ice        100%       N/A       1%          2
 Jinxbite                 Hex            98%        N/A       1%          2
 Lesser Beckoning         Tloc           100%       N/A       1%          2
 Poisonous Vapours        Pois/Air       100%       N/A       1%          2
 Confusing Touch          Hex            49%        N/A       1%          3
 Dazzling Flash           Conj/Hex       100%       N/A       1%          3
 Gell's Gravitas          Tloc           78%        N/A       1%          3
 Ignite Poison            Fire/Tmut/Pois 77%        N/A       1%          3
 Inner Flame              Hex/Fire       89%        N/A       1%          3
 Mephitic Cloud           Conj/Pois/Air  84%        N/A       1%          3
 Sigil of Binding         Hex            49%        N/A       1%          3
 Teleport Other           Tloc           78%        N/A       1%          3
 Tukima's Dance           Hex            49%        N/A       1%          3
 Vampiric Draining        Necr           48%        2d9       1%          3
 Dimensional Bullseye     Hex/Tloc       32%        N/A       1%          4
 Iskenderun's Mystic Bla  Conj/Tloc      88%        2d17      1%          4
 Leda's Liquefaction      Hex/Erth       38%        N/A       1%          4
 Freezing Cloud           Conj/Ice/Air   42%        6-21      1%          5
 Iskenderun's Battlesphe  Conj           97%        2d14      1%          5
 Lee's Rapid Deconstruct  Erth           48%        3d23*     1%          5
 Silence                  Hex/Air        38%        N/A       1%          5
 Conjure Ball Lightning   Conj/Air       48%        3x3d17    1%          6
 Anguish                  Hex/Necr       24%        N/A       4%          4
 Animate Dead             Necr           48%        N/A       4%          4
 Cause Fear               Hex            24%        N/A       4%          4
 Dispel Undead            Necr           48%        3d18      4%          4
 Olgreb's Toxic Radiance  Pois           45%        N/A       5%          4
 Haunt                    Necr/Summ      42%        N/A       11%         7
 Agony                    Necr           48%        N/A       14%         5
 Dragon's Call            Summ           54%        N/A       30%         9
 Disjunction              Tloc           39%        N/A       88%         8
 Enfeeble                 Hex            24%        N/A       98%         7
 Discord                  Hex            24%        N/A       100%        8
 Infestation              Necr           24%        N/A       100%        8


Dungeon Overview and Level Annotations

Branches:
Dungeon (15/15)            Temple (0/1) D:4            Lair (5/5) D:10
  Swamp (4/4) Lair:3        Snake (4/4) Lair:2        Slime (5/5) Lair:5
    Orc (2/2) D:12            Elf (3/3) Orc:2        Vaults (5/5) D:14
  Crypt (3/3) Vaults:3       Tomb (0/3) Crypt:3      Depths (4/4) D:15
    Zot (5/5) Depths:4    Ossuary (visited)          WizLab (visited)

Altars:
Ashenzari
Cheibriados
Elyvilon
Gozag
Kikubaaqudgha
Nemelex Xobeh
Qazlal
Ru
Uskayaw
Vehumet
Wu Jian
Jiyva

Shops:
D:1 =   D:4 *   D:15 *   Orc:2 =*?   Elf:2 :   Snake:1 :   Snake:2 *
Vaults:3 =

Portals:
Hell: Depths:4

Annotations:
D:4 exclusion: downstairs
D:14 VAULT
Lair:5 2 transporters, morax's ghost, journeyman FoFi
Swamp:1 Nikola; Roxanne
Vaults:1 exclusion: downstairs
Zot:5 36 runed doors, exclusions: sensed monster (detected) and 1 more exclusion


Innate Abilities, Weirdness & Mutations

Your serpentine skin is tough. (AC +9)
You have supernaturally acute eyesight. (SInv)
Armour fits poorly on your strangely shaped body.
Your system is resistant to poisons. (rPois)
You cover ground very slowly.
You can spit poison.
You can use your snake-like lower body to constrict enemies.


Message History

The profane servitor is destroyed!
Aiming: Quicksilver Bolt
Press: ? - help, Shift-Dir - straight line, f - cacodemon
Aim: a cacodemon (severely wounded, ally target, 79% to hit)
The bolt of dispelling energy hits the cacodemon!!!
You kill the cacodemon!
The bolt of dispelling energy misses the sixfirhy.
The bolt of dispelling energy hits the orange demon!!!
You kill the orange demon!
Aiming: Quicksilver Bolt
Press: ? - help, Shift-Dir - straight line, f - sixfirhy
Aim: a sixfirhy (ally target, 53% to hit)
Okay, then.
You swap places.
The sixfirhy misses you.
You see here a +1 whip.
You puncture the sixfirhy! Your grab misses the sixfirhy.
The sixfirhy is moderately wounded.
Your +9 demon trident of the Soothsayer {spect, Self, Fort} closely misses the sixfirhy.
The sixfirhy hits you but does no damage. x2
The sixfirhy hits you. The sixfirhy shocks you. You resist.
You impale the sixfirhy!! Your grab misses the sixfirhy.
The sixfirhy is almost dead.
Your +9 demon trident of the Soothsayer {spect, Self, Fort} hits the sixfirhy from afar!!
You kill the sixfirhy!
You feel your intelligence returning.
No target in view!
No target in view!
Your +9 demon trident of the Soothsayer {spect, Self, Fort} disappears.
There is an open door here.
There is an open door here.
You sense a monster nearby.
Your large abomination disappears in a puff of smoke! x2
Your tentacled monstrosity disappears in a puff of smoke!
There is a stone staircase leading up here.
You climb upwards.
There is a stone staircase leading down here.
There is a staircase leading out of the dungeon here.
Unknown command.
Unknown command.
You have escaped!

.....# ...#.# ##.#.#
##.#.# ...#.#
####.###########
...............######
...###.#######.##...####
#...##.# #.##@#.#..#
#....#.## #..###.##.#
#..#.#..# ##........#
...#....# #.....##'#
...#..#.# ##.......#
##....#.# ####.##.#
##...#.# #.#.#..#
#.#...# #...#### #.#####
#####


There were no monsters in sight!

Vanquished Creatures
  the Royal Jelly (Slime:5)
  3 dread liches
  2 ancient liches
  Mara (Vaults:4)
  Josephina (Crypt:3)
  5 Killer Klowns (Zot:5)
  4 golden dragons
  A bone dragon (Crypt:3)
  A profane servitor (Crypt:3)
  A Brimstone Fiend (D:14)
  2 electric golems
  A Hell Sentinel (Depths:4)
  6 tentacled monstrosities
  Mlioglotl (Swamp:1)
  17 Orb Guardians
  A lich (Crypt:3)
  A deep elf blademaster (Elf:3)
  12 acid blobs
  3 quicksilver dragons
  5 sphinxes
  6 titans (Vaults:5)
  A death cob (Zot:4)
  Gastronok (Lair:2)
  A deep elf master archer (Elf:3)
  5 ancient champions
  3 tengu reavers
  4 storm dragons
  7 shadow dragons
  6 nagarajas (Snake:4)
  A revenant (Crypt:2)
  4 rockslimes (Slime:5)
  7 azure jellies
  4 fire giants
  2 draconian knights
  2 frost giants
  2 iron dragons
  10 vault wardens
  2 ghost moths (Zot:5)
  6 draconian monks
  The ghost of Icragani the Brawler, a journeyman TrCA of Jiyva (D:15)
  3 deep elf sorcerers (Vaults:5)
  2 draconian shifters
  A draconian scorcher (Zot:1)
  8 ironbound preservers
  4 draconian stormcallers
  A deep elf elementalist (Elf:3)
  A spriggan defender (Depths:3)
  6 draconian annihilators
  8 quicksilver oozes
  A cacodemon (D:2)
  6 ghouls
  2 formless jellyfish
  8 stone giants
  3 eleionomae
  15 very ugly things
  A vampire knight (Vaults:3)
  4 ironbound thunderhulks
  3 green draconians
  4 black draconians
  3 deep elf demonologists
  A lorocyproca (Zot:5)
  3 deep elf annihilators
  6 purple draconians
  An eidolon (Crypt:1)
  5 red draconians
  6 yellow draconians
  3 spark wasps (Depths:3)
  2 bunyips
  4 white draconians
  2 bunyips (shapeshifter) (Vaults:5)
  7 deep elf death magi
  12 jiangshi
  3 ettins
  An ettin (shapeshifter) (Vaults:5)
  A spectral spriggan (Crypt:3)
  An entropy weaver (Vaults:3)
  11 deep elf high priests
  A hydra (shapeshifter) (Vaults:5)
  18 yaktaur captains
  4 fire dragons
  A fenstrider witch zombie (Crypt:1)
  2 salamander tyrants
  Fannar (Lair:2)
  10 hydras
  2 great orbs of eyes
  Erolcha (D:13)
  A juggernaut simulacrum (Crypt:3)
  2 peacekeepers (Vaults:2)
  32 vault guards
  4 ogre magi
  A spriggan air mage (Swamp:1)
  2 ghost crabs
  A rakshasa (Depths:3)
  5 catoblepae
  9 centaur warriors
  6 anacondas
  2 alligators
  7 ironbound frosthearts
  A hell beast (D:5)
  4 death knights
  6 two-headed ogres
  6 naga warriors
  15 dancing weapons
  5 deep troll earth magi
  4 tengu warriors
  5 vampire magi
  2 boulder beetles
  7 shock serpents
  2 soul eaters
  2 spriggan berserkers (Swamp:1)
  4 naga sharpshooters
  11 deep elf knights
  11 hell knights
  Nergalle (Lair:1)
  46 skeletal warriors
  3 fire crabs
  14 spriggans
  A deep troll (shapeshifter) (Vaults:5)
  2 iron trolls (Depths:4)
  2 sixfirhies (D:2)
  A glowing orange brain (shapeshifter) (D:14)
  3 shadow wraiths (Crypt:3)
  5 goliath frogs
  3 salamander mystics
  3 skysharks
  5 flayed ghosts
  49 deep trolls
  3 bog bodies
  A sea snake (shapeshifter) (Vaults:5)
  2 spriggan druids
  4 naga ritualists
  6 orc knights
  A golden dragon skeleton (Crypt:2)
  5 swamp dragons
  4 necromancers
  14 phantasmal warriors
  9 deep elf archers
  3 harpies (Vaults:2)
  10 deep elf zephyrmancers
  15 ironbound convokers
  4 arcanists
  A mana viper (shapeshifter) (Vaults:5)
  21 deep elf pyromancers
  A shining eye (D:15)
  9 cyclopes
  3 orc sorcerers
  4 mana vipers
  2 oklob plants (Lair:5)
  11 salamanders
  16 ugly things
  2 will-o-the-wisps
  A shock serpent zombie (Crypt:1)
  4 manticores
  A guardian serpent (Snake:1)
  A toenail golem (D:9)
  3 elephants
  7 moths of wrath
  11 naga magi
  28 black mambas
  A rust devil (D:14)
  8 vault sentinels
  3 cane toads
  2 eyes of devastation (Slime:5)
  A gargoyle (D:13)
  A cane toad (shapeshifter) (Elf:2)
  An elephant slug zombie (Crypt:2)
  An orange demon (D:2)
  2 komodo dragons
  An unseen horror (D:12)
  2 hellions (Zot:2)
  A golden dragon simulacrum (Crypt:3)
  5 freezing wraiths
  2 rime drakes (Lair:3)
  A yaktaur (shapeshifter) (Vaults:5)
  3 efreet
  42 yaktaurs
  A spectral harpy (Crypt:3)
  A bloated husk (Swamp:4)
  A hellwing (Depths:2)
  7 tyrant leeches
  9 hornets
  A hydra zombie (Crypt:2)
  2 trolls (D:12)
  2 glass eyes
  A polar bear (Lair:1)
  A nameless horror (Vaults:3)
  5 blink frogs
  18 yaks
  49 flying skulls
  2 vampires (WizLab)
  4 shadows
  68 slime creatures
  2 water elementals
  5 wyverns
  A naga simulacrum (Crypt:3)
  2 centaur simulacra
  4 basilisks
  2 fire elementals
  6 wraiths
  A redback (shapeshifter) (Elf:1)
  2 steam dragons
  6 golden eyes (Slime:5)
  13 vampire mosquitoes
  A warg (shapeshifter) (D:15)
  A chaos spawn (Depths:2)
  5 wargs
  37 nagas
  9 swamp worms
  2 acid dragons
  6 water moccasins
  2 swamp drakes (Swamp:4)
  A large abomination (Crypt:3)
  A water nymph skeleton (Crypt:1)
  A swamp drake (shapeshifter) (Vaults:5)
  An ettin simulacrum (Crypt:3)
  23 orc warriors
  A black bear (shapeshifter) (D:14)
  A black bear (Lair:1)
  5 ogres
  15 centaurs
  5 wolves
  A phantom (D:5)
  A kobold brigand (D:8)
  3 small abominations (Crypt:3)
  2 earth elementals
  2 scorpions (D:4)
  6 bullfrogs
  7 necrophages
  3 wights (WizLab)
  8 electric eels
  A troll skeleton (Crypt:1)
  3 lava snakes
  A howler monkey (D:14)
  A black bear zombie (Crypt:2)
  A basilisk zombie (Crypt:1)
  5 orc priests
  5 hounds
  An iguana (D:5)
  A gnoll bouda (D:8)
  7 orc wizards
  2 ogre zombies (WizLab)
  A tengu skeleton (Crypt:1)
  2 mummies (Ossuary)
  4 gnolls
  2 adders
  2 shadow imps
  An ufetubus (D:6)
  An iguana zombie (Crypt:2)
  33 orcs
  5 ball pythons
  A bat (D:1)
  2 endoplasms (D:3)
  4 hobgoblins
  5 kobolds
  A dart slug zombie (Crypt:1)
  5 frilled lizards
  A goblin (D:3)
  2 rats (D:1)
1382 creatures vanquished.

Vanquished Creatures (collateral kills)
  2 ancient liches (Zot:5)
  An orb of fire (Zot:5)
  A Killer Klown (Zot:5)
  Parghit (Zot:3)
  Bai Suzhen (Crypt:2)
  A profane servitor (D:2)
  3 golden dragons
  Jory (Crypt:2)
  An electric golem (Zot:5)
  2 Hell Sentinels
  8 Orb Guardians (Zot:5)
  4 tentacled monstrosities
  2 deep elf blademasters
  5 acid blobs (Slime:5)
  3 deep elf master archers (Elf:3)
  2 ancient champions (WizLab)
  2 storm dragons
  2 tengu reavers
  A revenant (Crypt:3)
  2 azure jellies
  Aizul (Snake:2)
  A nagaraja (Snake:3)
  A deep elf sorcerer (Elf:3)
  2 draconian scorchers (Zot:3)
  6 rockslimes
  3 fire giants
  Louise (Snake:1)
  9 vault wardens
  A draconian shifter (Zot:3)
  5 frost giants
  A ghost moth (Zot:4)
  An iron dragon (Vaults:5)
  A deep elf elementalist (Elf:3)
  3 ghouls
  13 ironbound preservers
  2 war gargoyles (Vaults:2)
  A quicksilver ooze (Slime:2)
  An orc warlord (Vaults:3)
  3 stone giants
  2 very ugly things
  A deep elf demonologist (Elf:3)
  3 ironbound thunderhulks
  5 deep elf annihilators
  3 eleionomae
  A black draconian (Zot:5)
  2 spark wasps (Depths:3)
  3 dire elephants (Vaults:4)
  6 deep elf death magi (Elf:3)
  3 red draconians
  2 fire dragons
  2 ettins (Vaults:5)
  4 yaktaur captains
  6 deep elf high priests (Elf:3)
  5 great orbs of eyes
  A shambling mangrove (Swamp:4)
  An ice dragon (Depths:4)
  A rakshasa (Depths:3)
  3 vault guards
  A ghost crab (Swamp:2)
  11 hydras
  A death knight (D:14)
  2 ironbound frosthearts
  2 centaur warriors
  3 anacondas
  2 catoblepae
  2 alligators (Swamp:4)
  2 boulder beetles
  Erica (D:11)
  14 dancing weapons
  7 death yaks (Lair:5)
  2 deep troll shamans
  A two-headed ogre (D:11)
  2 vampire magi (Crypt:2)
  A deep troll earth mage (Depths:3)
  7 naga warriors
  3 naga sharpshooters (Snake:4)
  A shock serpent (Snake:2)
  12 deep elf knights
  3 hell knights (Depths:4)
  9 skeletal warriors
  An anaconda zombie (Crypt:2)
  A skyshark (Lair:4)
  2 iron trolls
  16 deep trolls
  4 naga ritualists
  A goliath frog (Swamp:4)
  A flayed ghost (Crypt:3)
  A spriggan druid (Swamp:1)
  A lindwurm (shapeshifter) (Vaults:5)
  2 lindwurms
  2 swamp dragons (Swamp:4)
  A harpy (Vaults:1)
  8 deep elf pyromancers
  8 deep elf zephyrmancers
  3 bog bodies (Swamp:2)
  A fenstrider witch simulacrum (Crypt:3)
  An arcanist (D:15)
  8 ugly things
  7 ironbound convokers
  A deep elf archer (Elf:1)
  6 phantasmal warriors
  An oklob plant (Lair:5)
  A necromancer (Vaults:2)
  4 orc knights
  6 mana vipers
  The ghost of DEFE the Slicer, a novice DsFi (D:6)
  4 cyclopes
  2 manticores
  5 salamanders (Snake:2)
  2 shining eyes
  An orc sorcerer (Elf:1)
  A human skeleton (Vaults:2)
  A moth of wrath (Zot:3)
  Maurice (D:9)
  7 vault sentinels
  7 naga magi
  6 elephants
  9 black mambas
  4 eyes of devastation
  4 cane toads
  An efreet (D:14)
  A rime drake (Lair:3)
  A grey draconian zombie (Crypt:2)
  A freezing wraith (Vaults:3)
  Maggie (Lair:2)
  3 komodo dragons
  18 yaktaurs
  A green draconian skeleton (Crypt:2)
  3 bloated husks
  Grinder (D:3)
  5 trolls
  A harpy skeleton (Crypt:1)
  6 hornets
  A tyrant leech (Swamp:2)
  An air elemental (Elf:3)
  12 blink frogs
  28 slime creatures
  A wyvern (Lair:3)
  2 flying skulls (Crypt:3)
  Sigmund (D:5)
  5 spriggans
  2 shadows
  4 wraiths
  2 vampires (WizLab)
  An ettin skeleton (Vaults:2)
  5 golden eyes (Slime:5)
  35 yaks
  A fire elemental (Swamp:4)
  10 vampire mosquitoes
  6 two-headed ogre zombies (WizLab)
  2 steam dragons (Swamp:4)
  2 swamp worms
  A warg (Orc:2)
  22 nagas
  6 water moccasins
  4 swamp drakes (Swamp:4)
  A two-headed ogre skeleton (Crypt:1)
  A glowing shapeshifter skeleton (Vaults:2)
  2 sky beasts (D:7)
  16 orc warriors
  A black bear (D:5)
  9 ogres
  10 centaurs
  15 wolves
  3 phantoms
  5 kobold brigands
  6 bullfrogs
  2 gnoll sergeants
  3 necrophages
  3 scorpions
  7 wights
  5 troll zombies (WizLab)
  5 howler monkeys
  2 gnoll boudas
  9 orc priests
  10 hounds
  Ijyb (D:3)
  8 iguanas
  14 orc wizards
  3 ogre zombies (WizLab)
  7 mummies
  18 gnolls
  5 adders
  2 shadow imps (D:6)
  A white imp (D:6)
  3 ufetubi
  A worm (D:2)
  A dart slug (D:1)
  71 orcs
  3 ball pythons
  11 endoplasms
  A giant cockroach (D:2)
  A gnoll zombie (Ossuary)
  13 goblins
  10 hobgoblins
  5 quokkas
  2 bats (D:1)
  2 frilled lizards (D:1)
  2 hobgoblin zombies (Ossuary)
  A jackal skeleton (Crypt:2)
  16 kobolds
  3 kobold zombies (Ossuary)
  2 orc zombies (Ossuary)
  2 rats (D:1)
  A butterfly (Lair:4)
  A spectral weapon (Swamp:1)
910 creatures vanquished.

Vanquished Creatures (others)
  A hydra (Swamp:4)
  4 swamp drakes (Swamp:4)
  2 creeping infernos (Zot:2)
  A fire vortex (Zot:2)
  4 foxfires
  30 spectral weapons
42 creatures vanquished.

Grand Total: 2334 creatures vanquished

Notes
Turn   | Place    | Note
-------+----------+-------------------------------------------
     0 | D:1      | Sergey the Naga Summoner began the quest for the Orb.
     0 | D:1      | Reached XP level 1. HP: 15/15 MP: 3/3
  2049 | D:1      | Reached XP level 2. HP: 22/22 MP: 3/5
  2053 | D:1      | Learned a level 2 spell: Call Imp
  2293 | D:1      | Reached skill level 5 in Stealth
  2481 | D:1      | Reached XP level 3. HP: 30/30 MP: 2/6
  2494 | D:1      | Reached skill level 1 in Fighting
  2537 | D:1      | Found Jugiutof's Jewellery Boutique.
  2569 | D:1      | Found a faded altar of an unknown god.
  2603 | D:1      | Prayed at the altar of an unknown god.
  2603 | D:1      | Became a worshipper of Ashenzari the Shackled
  2670 | D:1      | Learned a level 3 spell: Call Canine Familiar
  3471 | D:1      | Found a broken altar of Ashenzari.
  3500 | D:1      | Found Jugiutof's Jewellery Boutique.
  4321 | D:2      | Reached XP level 4. HP: 40/40 MP: 3/7
  4468 | D:2      | Reached * piety under Ashenzari
  5640 | D:3      | Noticed Grinder
  5674 | D:3      | You fall into a shaft and drop 2 floors!
  5674 | D:5      | Entered Level 5 of the Dungeon
  6018 | D:5      | Reached XP level 5. HP: 49/49 MP: 4/8
  6235 | D:4      | Reached skill level 5 in Summonings
  6279 | D:4      | Reached ** piety under Ashenzari
  6291 | D:4      | Found a radiant altar of Vehumet.
  6359 | D:4      | Found a sand-covered staircase.
  6373 | Ossuary  | Entered an ossuary
  6705 | Ossuary  | Reached XP level 6. HP: 61/61 MP: 8/10
  6824 | Ossuary  | Reached skill level 1 in Air Magic
  6995 | D:4      | Found a white marble altar of Elyvilon.
  7006 | D:4      | Found a staircase to the Ecumenical Temple.
  7165 | D:4      | Found Vuydymue's Assorted Antiques.
  7173 | D:4      | Bought a scroll of teleportation for 66 gold pieces
  7173 | D:4      | Bought a scroll of poison for 88 gold pieces
  7577 | D:4      | Found a hide-covered altar of Uskayaw.
  7638 | D:4      | Reached XP level 7. HP: 67/67 MP: 8/11
  8142 | D:5      | Noticed Sigmund
  8467 | D:5      | Learned a level 4 spell: Summon Lightning Spire
  8564 | D:5      | Reached XP level 8. HP: 72/74 MP: 14/14
  8602 | D:5      | Reached skill level 5 in Air Magic
  9071 | D:5      | Killed Sigmund
  9302 | D:6      | Reached XP level 9. HP: 78/78 MP: 10/13
  9308 | D:6      | Found a runed translucent gate.
  9309 | D:6      | Found a runed translucent gate.
  9309 | D:6      | Found a runed translucent gate.
  9317 | D:6      | Found an opulent altar of Gozag.
  9320 | D:6      | Noticed DEFE's ghost (novice DsFi)
  9633 | D:6      | Found a sparkling altar of Nemelex Xobeh.
  9980 | D:7      | Reached skill level 5 in Fighting
 10160 | D:7      | Reached skill level 5 in Spellcasting
 10438 | D:7      | Reached skill level 1 in Evocations
 10453 | D:7      | Noticed a hornet
 10459 | D:7      | Killed a hornet
 10460 | D:7      | Reached skill level 2 in Evocations
 10460 | D:7      | Reached XP level 10. HP: 82/88 MP: 19/19
 10702 | D:7      | Learned a level 3 spell: Summon Guardian Golem
 10707 | D:7      | Learned a level 4 spell: Airstrike
 10793 | D:8      | Reached skill level 3 in Evocations
 10808 | D:8      | Reached *** piety under Ashenzari
 11069 | D:3      | Paralysed by Grinder for 5 turns
 11103 | D:3      | Killed Grinder
 11134 | D:3      | Noticed Ijyb
 11141 | D:3      | Killed Ijyb
 11670 | D:8      | Reached skill level 4 in Evocations
 11892 | D:8      | Reached **** piety under Ashenzari
 12140 | D:8      | Reached skill level 5 in Evocations
 12345 | D:8      | Reached skill level 6 in Evocations
 12630 | D:9      | Found a sacrificial altar of Ru.
 12685 | D:9      | Noticed Maurice
 12691 | D:9      | Killed Maurice
 13440 | D:10     | Entered Level 10 of the Dungeon
 13448 | D:10     | Found a stormy altar of Qazlal.
 13458 | D:10     | Reached XP level 11. HP: 94/104 MP: 5/25
 13701 | D:10     | Found a staircase to the Lair.
 13870 | D:10     | Noticed a two-headed ogre
 13874 | D:10     | Killed a two-headed ogre
 13902 | D:10     | Noticed a centaur warrior
 14447 | D:10     | Identified the +0 scale mail of the Shouting Gods {rN+}
 14608 | D:10     | Killed a centaur warrior
 14837 | D:10     | Noticed a boulder beetle
 14955 | D:10     | Killed a boulder beetle
 15336 | Lair:1   | Entered Level 1 of the Lair of Beasts
 15455 | Lair:1   | Reached skill level 10 in Fighting
 15457 | Lair:1   | Reached skill level 10 in Spellcasting
 15457 | Lair:1   | Reached XP level 12. HP: 122/122 MP: 18/27
 16238 | Lair:1   | Noticed Nergalle
 16244 | Lair:1   | Killed Nergalle
 16587 | Lair:2   | Noticed Gastronok
 16979 | Lair:2   | Noticed Maggie
 16986 | Lair:2   | Killed Maggie
 17102 | Lair:2   | Noticed a skyshark
 17112 | Lair:2   | Killed a skyshark
 17155 | Lair:2   | Noticed Fannar
 17280 | Lair:2   | Noticed Sonja
 17281 | Lair:2   | Sonja changed into Sonja the blink frog
 17281 | Lair:2   | Noticed Sonja
 17284 | Lair:2   | Killed Sonja the blink frog
 17596 | Lair:2   | Killed Gastronok
 17695 | Lair:2   | Found a staircase to the Snake Pit.
 18193 | Lair:3   | Noticed a skyshark
 18194 | Lair:3   | Noticed a skyshark
 18200 | Lair:3   | Killed a skyshark
 18203 | Lair:3   | Killed a skyshark
 18205 | Lair:3   | Gained mutation: You can use your snake-like lower body to
                  | constrict enemies. [Naga growth]
 18205 | Lair:3   | Reached XP level 13. HP: 69/133 MP: 9/30
 18608 | Lair:3   | Found a staircase to the Swamp.
 19628 | Lair:4   | Reached ***** piety under Ashenzari
 19935 | Lair:4   | Reached skill level 1 in Shields
 20346 | Lair:5   | Entered Level 5 of the Lair of Beasts
 20487 | Lair:5   | Reached skill level 5 in Dodging
 20561 | Lair:5   | Found a transporter.
 20563 | Lair:5   | Found a transporter.
 20563 | Lair:5   | Identified the +1 flail "Diti Woangi" {heavy, Int+2}
 20613 | Lair:5   | Noticed morax's ghost (journeyman FoFi)
 20756 | Lair:5   | Identified the +5 ring mail "Kisux" {Harm Int+3 Dex-2}
 21085 | Lair:5   | Reached XP level 14. HP: 138/147 MP: 25/33
 21133 | Lair:5   | Found a viscous altar of Jiyva.
 21185 | Lair:5   | Found a staircase to the Slime Pits.
 21445 | Lair:5   | Reached skill level 7 in Evocations
 21885 | Lair:5   | Reached skill level 8 in Evocations
 23313 | D:11     | Noticed Erica
 23320 | D:11     | Killed Erica
 24299 | D:12     | Found a staircase to the Orcish Mines.
 24808 | D:13     | Reached skill level 15 in Fighting
 25204 | D:13     | Reached XP level 15. HP: 160/160 MP: 26/34
 25504 | D:13     | Noticed Erolcha
 25750 | Orc:1    | Entered Level 1 of the Orcish Mines
 26286 | Orc:2    | Entered Level 2 of the Orcish Mines
 27042 | Orc:2    | Found a staircase to the Elven Halls.
 27100 | Orc:2    | Found Xiah's Assorted Antiques.
 27100 | Orc:2    | Found Eqyrgh's General Store.
 27102 | Orc:2    | Found Viemup's Jewellery Emporium.
 27104 | Orc:2    | Found Zuuqull's Magic Scroll Shop.
 27118 | Orc:2    | Bought a scroll of fear for 140 gold pieces
 27118 | Orc:2    | Bought a slimy leather armour for 245 gold pieces
 27118 | Orc:2    | Identified the +1 leather armour "Raipual" {+Blink rF- rC-
                  | rCorr} (You bought it in a shop on level 2 of the Orcish
                  | Mines)
 27118 | Orc:2    | Bought the +3 crown of Dyrovepreva {rElec Int+2 SInv} for
                  | 1449 gold pieces
 27118 | Orc:2    | Found the +3 crown of Dyrovepreva {rElec Int+2 SInv}
 27118 | Orc:2    | Bought a scroll of fear for 140 gold pieces
 27118 | Orc:2    | Bought a potion of heal wounds for 175 gold pieces
 27729 | D:14     | Found a gate to the Vaults.
 28071 | D:14     | Found an ornate altar of the Wu Jian Council.
 28283 | D:14     | Paralysed by an ogre mage for 4 turns
 28454 | D:14     | Noticed a fire giant
 29417 | D:14     | Reached skill level 15 in Spellcasting
 29682 | D:15     | Entered Level 15 of the Dungeon
 29750 | D:15     | Found Ydi Fost's Neck Hole.
 30517 | D:15     | Found a runed translucent gate.
 30517 | D:15     | Found a runed translucent gate.
 30517 | D:15     | Found a runed translucent gate.
 30522 | D:15     | Noticed Icragani's ghost (journeyman TrCA)
 30788 | D:15     | Found a viscous altar of Jiyva.
 30938 | Snake:1  | Entered Level 1 of the Snake Pit
 30941 | Snake:1  | Reached XP level 16. HP: 171/171 MP: 29/37
 31511 | Snake:1  | Found Saoj's Book Shop.
 31516 | Snake:1  | Bought a book of Scorching for 330 gold pieces
 31523 | Snake:1  | Learned a level 6 spell: Summon Cactus Giant
 31717 | Snake:1  | Reached skill level 1 in Conjurations
 31720 | Snake:1  | Noticed Louise
 31730 | Snake:1  | Killed Louise
 32081 | Snake:2  | Identified the +1 leather armour "Asuiv" {rC+ Will+}
 32585 | Snake:2  | Identified the ring "Doqyin" {Fly rElec Str-5 Dex+2}
 32622 | Snake:2  | Reached skill level 5 in Conjurations
 32792 | Snake:2  | Found Muuh Abo's Assorted Antiques.
 32817 | Snake:2  | Bought a scroll of blinking for 187 gold pieces
 32977 | Snake:2  | Noticed Aizul
 32984 | Snake:2  | Killed Aizul
 34136 | Snake:3  | Reached skill level 1 in Earth Magic
 34692 | Snake:3  | Reached XP level 17. HP: 151/178 MP: 5/39
 35183 | Snake:4  | Entered Level 4 of the Snake Pit
 37113 | Snake:4  | Got a serpentine rune of Zot
 37321 | Swamp:1  | Entered Level 1 of the Swamp
 37505 | D:13     | Killed Erolcha
 38029 | D:6      | Killed DEFE's ghost
 38226 | Lair:2   | Killed Fannar
 38362 | Swamp:1  | Noticed Mlioglotl
 38373 | Swamp:1  | Killed Mlioglotl
 38704 | Swamp:1  | Noticed Roxanne
 38735 | Swamp:1  | Noticed Nikola
 39539 | Snake:1  | Bought a book of Power for 462 gold pieces
 39546 | Snake:1  | Learned a level 6 spell: Bombard
 39554 | Snake:1  | Learned a level 7 spell: Spellforged Servitor
 40243 | Swamp:2  | Reached XP level 18. HP: 186/196 MP: 29/42
 40552 | Swamp:2  | Noticed a tentacled monstrosity
 40563 | Swamp:2  | Killed a tentacled monstrosity
 41900 | Swamp:4  | Entered Level 4 of the Swamp
 43190 | Swamp:4  | Got a decaying rune of Zot
 43875 | D:15     | Killed Icragani's ghost
 44039 | Crypt:3  | Identified the "Gomisiom"
 44039 | Elf:1    | Identified the "Umami"
 44039 | Elf:1    | Entered Level 1 of the Elven Halls
 44181 | D:15     | Bought a scarf of resistance for 416 gold pieces
 44720 | Elf:1    | Reached XP level 19. HP: 206/206 MP: 35/44
 46100 | Elf:2    | Found Paretwos's Book Shop.
 46557 | Elf:2    | Found a runed translucent gate.
 46557 | Elf:2    | Found a runed translucent gate.
 46558 | Elf:2    | Found a runed translucent gate.
 46815 | Elf:3    | Identified the of Bagi
 46815 | Elf:3    | Entered Level 3 of the Elven Halls
 46815 | Elf:3    | Found a radiant altar of Vehumet.
 46995 | Elf:3    | Reached skill level 9 in Evocations
 47596 | Elf:3    | Reached skill level 10 in Evocations
 47598 | Elf:3    | Identified the +10 quarterstaff "Poiple Vis" {heavy, rN+
                  | Will+ Str-2}
 47754 | Elf:3    | Identified the +5 great mace of Foul Odours {heavy,
                  | *Corrode rC- Int+4 Dex+3}
 47754 | Elf:3    | Identified the ring of the Commoners {rC+ Will++ Str+4}
 47907 | Elf:3    | Reached skill level 11 in Evocations
 48466 | Elf:3    | Identified the +1 great sword "Raops" {speed, rN+ rCorr
                  | Int+3}
 48466 | Elf:3    | Identified the amulet "Tovyteeph" {Spirit Int+2}
 48496 | Elf:3    | Identified the +0 leather armour of Soku {rC- rN+++ rCorr
                  | Dex+2}
 48496 | Elf:3    | Identified the ring "Ciojoah" {Ice +Blink}
 48610 | Elf:3    | Identified the +1 quarterstaff of Fortitude {speed, Fly
                  | rF++ Int-5 Stlth+}
 48995 | Vaults:1 | Entered Level 1 of the Vaults
 49070 | Vaults:1 | Reached skill level 12 in Evocations
 49215 | Vaults:1 | Reached XP level 20. HP: 125/216 MP: 8/47
 49707 | Vaults:1 | Reached skill level 13 in Evocations
 50111 | Vaults:1 | Reached ****** piety under Ashenzari
 50230 | Vaults:1 | Reached skill level 1 in Armour
 51392 | Vaults:1 | Learned a level 8 spell: Ignition
 51432 | Vaults:2 | Reached skill level 14 in Evocations
 51499 | Vaults:2 | Reached skill level 1 in Fire Magic
 52292 | Vaults:2 | Reached skill level 5 in Armour
 52396 | Vaults:2 | Reached skill level 5 in Fire Magic
 53245 | Vaults:2 | Reached XP level 21. HP: 224/224 MP: 45/48
 53545 | Vaults:3 | Found Nyqi's Jewellery Shoppe.
 53582 | Vaults:3 | Bought the amulet "Vihener" {Acrobat Regen+} for 518 gold
                  | pieces
 53757 | Vaults:3 | Found a staircase to the Crypt.
 54548 | Vaults:3 | Reached skill level 10 in Fire Magic
 54793 | Vaults:3 | Identified the +1 trident of the Brewing Vulture {heavy,
                  | rF- Str+4 Stlth+}
 55797 | Vaults:3 | Identified the +8 triple crossbow of Risk Management
                  | {flame, rF+ rC++}
 58110 | Elf:2    | Found an ancient bone altar of Kikubaaqudgha.
 58523 | Vaults:4 | Found a magical portal.
 58532 | WizLab   | Entered Zonguldrok's Shrine
 58834 | WizLab   | Reached XP level 22. HP: 237/237 MP: 46/50
 59142 | WizLab   | Noticed an antique lich
 59146 | WizLab   | Killed an antique lich
 59676 | Vaults:4 | Noticed Mara
 59683 | Vaults:4 | Noticed Sergey's illusion
 59683 | Vaults:4 | Killed Mara
 59684 | Vaults:4 | Reached skill level 15 in Fire Magic
 60187 | Orc:2    | Bought a scroll of teleportation for 42 gold pieces
 60187 | Orc:2    | Bought a scroll of fog for 56 gold pieces
 60187 | Orc:2    | Bought a scroll of revelation for 105 gold pieces
 60187 | Orc:2    | Bought a scroll of fear for 56 gold pieces
 60189 | Orc:2    | Bought a scroll of brand weapon for 133 gold pieces
 60194 | Orc:2    | Bought a scroll of enchant weapon for 105 gold pieces
 60524 | Vaults:4 | Reached skill level 1 in Polearms
 61611 | Crypt:1  | Entered Level 1 of the Crypt
 61614 | Crypt:1  | Reached skill level 5 in Polearms
 64697 | Crypt:2  | Noticed Bai Suzhen
 64706 | Crypt:2  | Killed Bai Suzhen
 64707 | Crypt:2  | Reached skill level 10 in Polearms
 65307 | Crypt:2  | Noticed Jory
 65320 | Crypt:2  | Killed Jory
 65595 | Crypt:2  | Identified the cursed +9 demon trident of the Soothsayer
                  | {spect, Self, Fort} (You took it off Mara on level 4 of the
                  | Vaults)
 65660 | Crypt:2  | Identified the cursed +9 demon trident of the Soothsayer
                  | {spect, Self, Fort} (You took it off Mara on level 4 of the
                  | Vaults)
 65663 | Crypt:2  | Identified the cursed +9 demon trident of the Soothsayer
                  | {spect, Self, Fort} (You took it off Mara on level 4 of the
                  | Vaults)
 65919 | Crypt:2  | Identified the cursed +9 demon trident of the Soothsayer
                  | {spect, Self, Fort} (You took it off Mara on level 4 of the
                  | Vaults)
 65934 | Crypt:2  | Identified the cursed +9 demon trident of the Soothsayer
                  | {spect, Self, Fort} (You took it off Mara on level 4 of the
                  | Vaults)
 65938 | Crypt:2  | Identified the cursed +9 demon trident of the Soothsayer
                  | {spect, Self, Fort} (You took it off Mara on level 4 of the
                  | Vaults)
 66101 | Crypt:3  | Entered Level 3 of the Crypt
 66234 | Crypt:3  | Reached XP level 23. HP: 241/246 MP: 36/51
 66236 | Crypt:3  | Reached skill level 15 in Evocations
 66277 | Crypt:3  | Identified the cursed +9 demon trident of the Soothsayer
                  | {spect, Self, Fort} (You took it off Mara on level 4 of the
                  | Vaults)
 66346 | Crypt:3  | Identified the cursed +9 demon trident of the Soothsayer
                  | {spect, Self, Fort} (You took it off Mara on level 4 of the
                  | Vaults)
 66359 | Crypt:3  | Identified the cursed +9 demon trident of the Soothsayer
                  | {spect, Self, Fort} (You took it off Mara on level 4 of the
                  | Vaults)
 66369 | Crypt:3  | Identified the cursed +9 demon trident of the Soothsayer
                  | {spect, Self, Fort} (You took it off Mara on level 4 of the
                  | Vaults)
 66380 | Crypt:3  | Identified the cursed +9 demon trident of the Soothsayer
                  | {spect, Self, Fort} (You took it off Mara on level 4 of the
                  | Vaults)
 66382 | Crypt:3  | Identified the cursed +9 demon trident of the Soothsayer
                  | {spect, Self, Fort} (You took it off Mara on level 4 of the
                  | Vaults)
 66409 | Crypt:3  | Found an ancient bone altar of Kikubaaqudgha.
 66413 | Crypt:3  | Identified the cursed +9 demon trident of the Soothsayer
                  | {spect, Self, Fort} (You took it off Mara on level 4 of the
                  | Vaults)
 66419 | Crypt:3  | Identified the cursed +9 demon trident of the Soothsayer
                  | {spect, Self, Fort} (You took it off Mara on level 4 of the
                  | Vaults)
 66420 | Crypt:3  | Identified the cursed +9 demon trident of the Soothsayer
                  | {spect, Self, Fort} (You took it off Mara on level 4 of the
                  | Vaults)
 66422 | Crypt:3  | Identified the cursed +9 demon trident of the Soothsayer
                  | {spect, Self, Fort} (You took it off Mara on level 4 of the
                  | Vaults)
 66425 | Crypt:3  | Identified the cursed +9 demon trident of the Soothsayer
                  | {spect, Self, Fort} (You took it off Mara on level 4 of the
                  | Vaults)
 66429 | Crypt:3  | Identified the cursed +9 demon trident of the Soothsayer
                  | {spect, Self, Fort} (You took it off Mara on level 4 of the
                  | Vaults)
 66432 | Crypt:3  | Identified the cursed +9 demon trident of the Soothsayer
                  | {spect, Self, Fort} (You took it off Mara on level 4 of the
                  | Vaults)
 66434 | Crypt:3  | Identified the cursed +9 demon trident of the Soothsayer
                  | {spect, Self, Fort} (You took it off Mara on level 4 of the
                  | Vaults)
 66437 | Crypt:3  | Identified the cursed +9 demon trident of the Soothsayer
                  | {spect, Self, Fort} (You took it off Mara on level 4 of the
                  | Vaults)
 66441 | Crypt:3  | Identified the cursed +9 demon trident of the Soothsayer
                  | {spect, Self, Fort} (You took it off Mara on level 4 of the
                  | Vaults)
 66602 | Crypt:3  | Identified the cursed +9 demon trident of the Soothsayer
                  | {spect, Self, Fort} (You took it off Mara on level 4 of the
                  | Vaults)
 66603 | Crypt:3  | Identified the cursed +9 demon trident of the Soothsayer
                  | {spect, Self, Fort} (You took it off Mara on level 4 of the
                  | Vaults)
 66604 | Crypt:3  | Identified the cursed +9 demon trident of the Soothsayer
                  | {spect, Self, Fort} (You took it off Mara on level 4 of the
                  | Vaults)
 66655 | Crypt:3  | Identified the cursed +9 demon trident of the Soothsayer
                  | {spect, Self, Fort} (You took it off Mara on level 4 of the
                  | Vaults)
 66766 | Crypt:3  | Identified the cursed +9 demon trident of the Soothsayer
                  | {spect, Self, Fort} (You took it off Mara on level 4 of the
                  | Vaults)
 66771 | Crypt:3  | Identified the cursed +9 demon trident of the Soothsayer
                  | {spect, Self, Fort} (You took it off Mara on level 4 of the
                  | Vaults)
 66789 | Crypt:3  | Identified the cursed +9 demon trident of the Soothsayer
                  | {spect, Self, Fort} (You took it off Mara on level 4 of the
                  | Vaults)
 66857 | Crypt:3  | Identified the cursed +9 demon trident of the Soothsayer
                  | {spect, Self, Fort} (You took it off Mara on level 4 of the
                  | Vaults)
 66907 | Crypt:3  | Identified the cursed +9 demon trident of the Soothsayer
                  | {spect, Self, Fort} (You took it off Mara on level 4 of the
                  | Vaults)
 66909 | Crypt:3  | Reached skill level 10 in Summonings
 66971 | Crypt:3  | Identified the cursed +9 demon trident of the Soothsayer
                  | {spect, Self, Fort} (You took it off Mara on level 4 of the
                  | Vaults)
 66973 | Crypt:3  | Identified the cursed +9 demon trident of the Soothsayer
                  | {spect, Self, Fort} (You took it off Mara on level 4 of the
                  | Vaults)
 67058 | Crypt:3  | Identified the cursed +9 demon trident of the Soothsayer
                  | {spect, Self, Fort} (You took it off Mara on level 4 of the
                  | Vaults)
 67064 | Crypt:3  | Identified the cursed +9 demon trident of the Soothsayer
                  | {spect, Self, Fort} (You took it off Mara on level 4 of the
                  | Vaults)
 67066 | Crypt:3  | Identified the cursed +9 demon trident of the Soothsayer
                  | {spect, Self, Fort} (You took it off Mara on level 4 of the
                  | Vaults)
 67079 | Crypt:3  | Identified the cursed +9 demon trident of the Soothsayer
                  | {spect, Self, Fort} (You took it off Mara on level 4 of the
                  | Vaults)
 67084 | Crypt:3  | Identified the cursed +9 demon trident of the Soothsayer
                  | {spect, Self, Fort} (You took it off Mara on level 4 of the
                  | Vaults)
 67104 | Crypt:3  | Identified the cursed +9 demon trident of the Soothsayer
                  | {spect, Self, Fort} (You took it off Mara on level 4 of the
                  | Vaults)
 67106 | Crypt:3  | Identified the cursed +9 demon trident of the Soothsayer
                  | {spect, Self, Fort} (You took it off Mara on level 4 of the
                  | Vaults)
 67163 | Crypt:3  | Identified the cursed +9 demon trident of the Soothsayer
                  | {spect, Self, Fort} (You took it off Mara on level 4 of the
                  | Vaults)
 67282 | Crypt:3  | Identified the cursed +9 demon trident of the Soothsayer
                  | {spect, Self, Fort} (You took it off Mara on level 4 of the
                  | Vaults)
 67438 | Crypt:3  | Identified the cursed +9 demon trident of the Soothsayer
                  | {spect, Self, Fort} (You took it off Mara on level 4 of the
                  | Vaults)
 67440 | Crypt:3  | Identified the cursed +9 demon trident of the Soothsayer
                  | {spect, Self, Fort} (You took it off Mara on level 4 of the
                  | Vaults)
 67447 | Crypt:3  | Identified the cursed +9 demon trident of the Soothsayer
                  | {spect, Self, Fort} (You took it off Mara on level 4 of the
                  | Vaults)
 67456 | Crypt:3  | Identified the ring of Recklessness {Ice Str+6}
 67456 | Crypt:3  | Noticed Josephina
 67500 | Crypt:3  | Killed Josephina
 67534 | Crypt:3  | Identified the cursed +9 demon trident of the Soothsayer
                  | {spect, Self, Fort} (You took it off Mara on level 4 of the
                  | Vaults)
 67546 | Crypt:3  | Identified the cursed +9 demon trident of the Soothsayer
                  | {spect, Self, Fort} (You took it off Mara on level 4 of the
                  | Vaults)
 67552 | Crypt:3  | Identified the cursed +9 demon trident of the Soothsayer
                  | {spect, Self, Fort} (You took it off Mara on level 4 of the
                  | Vaults)
 67554 | Crypt:3  | Noticed a dread lich
 67559 | Crypt:3  | Reached skill level 16 in Evocations
 67560 | Crypt:3  | Identified the cursed +9 demon trident of the Soothsayer
                  | {spect, Self, Fort} (You took it off Mara on level 4 of the
                  | Vaults)
 67700 | Crypt:3  | Identified the cursed +9 demon trident of the Soothsayer
                  | {spect, Self, Fort} (You took it off Mara on level 4 of the
                  | Vaults)
 67710 | Crypt:3  | Identified the cursed +9 demon trident of the Soothsayer
                  | {spect, Self, Fort} (You took it off Mara on level 4 of the
                  | Vaults)
 67714 | Crypt:3  | Identified the cursed +9 demon trident of the Soothsayer
                  | {spect, Self, Fort} (You took it off Mara on level 4 of the
                  | Vaults)
 67716 | Crypt:3  | Identified the cursed +9 demon trident of the Soothsayer
                  | {spect, Self, Fort} (You took it off Mara on level 4 of the
                  | Vaults)
 67816 | Crypt:3  | Killed a dread lich
 67910 | Crypt:3  | Found a staircase to the Tomb.
 67986 | Crypt:3  | Identified the cursed +9 demon trident of the Soothsayer
                  | {spect, Self, Fort} (You took it off Mara on level 4 of the
                  | Vaults)
 67991 | Crypt:3  | Identified the cursed +9 demon trident of the Soothsayer
                  | {spect, Self, Fort} (You took it off Mara on level 4 of the
                  | Vaults)
 67993 | Crypt:3  | Identified the cursed +9 demon trident of the Soothsayer
                  | {spect, Self, Fort} (You took it off Mara on level 4 of the
                  | Vaults)
 67999 | Crypt:3  | Identified the cursed +9 demon trident of the Soothsayer
                  | {spect, Self, Fort} (You took it off Mara on level 4 of the
                  | Vaults)
 68004 | Crypt:3  | Identified the cursed +9 demon trident of the Soothsayer
                  | {spect, Self, Fort} (You took it off Mara on level 4 of the
                  | Vaults)
 68010 | Crypt:3  | Found the +8 storm bow {elec, penet}
 68012 | Crypt:3  | Identified the cursed +9 demon trident of the Soothsayer
                  | {spect, Self, Fort} (You took it off Mara on level 4 of the
                  | Vaults)
 68132 | Crypt:3  | Identified the amulet "Ariafrot" {+Blink Regen+ Stlth+}
 68132 | Crypt:3  | Identified the ring "Faicroa" {rPois rN+ Str+2}
 68212 | Crypt:3  | Identified the +1 robe of the Nine Prophets {Str+4}
 68583 | D:15     | Found a staircase to the Depths.
 68921 | Zot:4    | Identified the "Rymucy"
 68921 | Slime:1  | Entered Level 1 of the Pits of Slime
 69078 | Slime:1  | Identified the cursed +9 demon trident of the Soothsayer
                  | {spect, Self, Fort} (You took it off Mara on level 4 of the
                  | Vaults)
 69166 | Slime:1  | Learned a level 8 spell: Summon Horrible Things
 69637 | Slime:4  | Identified the cursed +9 demon trident of the Soothsayer
                  | {spect, Self, Fort} (You took it off Mara on level 4 of the
                  | Vaults)
 69795 | Slime:5  | Identified the "Zoamiasi"
 69795 | Slime:5  | Entered Level 5 of the Pits of Slime
 69814 | Slime:5  | Learned a level 7 spell: Malign Gateway
 69981 | Slime:5  | Reached skill level 1 in Translocations
 69982 | Slime:5  | Identified the cursed +9 demon trident of the Soothsayer
                  | {spect, Self, Fort} (You took it off Mara on level 4 of the
                  | Vaults)
 69984 | Slime:5  | Identified the cursed +9 demon trident of the Soothsayer
                  | {spect, Self, Fort} (You took it off Mara on level 4 of the
                  | Vaults)
 69986 | Slime:5  | Identified the cursed +9 demon trident of the Soothsayer
                  | {spect, Self, Fort} (You took it off Mara on level 4 of the
                  | Vaults)
 69989 | Slime:5  | Identified the cursed +9 demon trident of the Soothsayer
                  | {spect, Self, Fort} (You took it off Mara on level 4 of the
                  | Vaults)
 69992 | Slime:5  | Identified the cursed +9 demon trident of the Soothsayer
                  | {spect, Self, Fort} (You took it off Mara on level 4 of the
                  | Vaults)
 69993 | Slime:5  | Identified the cursed +9 demon trident of the Soothsayer
                  | {spect, Self, Fort} (You took it off Mara on level 4 of the
                  | Vaults)
 69995 | Slime:5  | Identified the cursed +9 demon trident of the Soothsayer
                  | {spect, Self, Fort} (You took it off Mara on level 4 of the
                  | Vaults)
 70000 | Slime:5  | Identified the cursed +9 demon trident of the Soothsayer
                  | {spect, Self, Fort} (You took it off Mara on level 4 of the
                  | Vaults)
 70003 | Slime:5  | Identified the cursed +9 demon trident of the Soothsayer
                  | {spect, Self, Fort} (You took it off Mara on level 4 of the
                  | Vaults)
 70029 | Slime:5  | Identified the ring of Vufic {rElec rN+ rCorr}
 70569 | Slime:5  | Identified the cursed +9 demon trident of the Soothsayer
                  | {spect, Self, Fort} (You took it off Mara on level 4 of the
                  | Vaults)
 70571 | Slime:5  | Identified the cursed +9 demon trident of the Soothsayer
                  | {spect, Self, Fort} (You took it off Mara on level 4 of the
                  | Vaults)
 70797 | Slime:5  | Reached skill level 17 in Evocations
 71693 | Slime:5  | Reached XP level 24. HP: 255/255 MP: 36/51
 71695 | Slime:5  | Identified the cursed +9 demon trident of the Soothsayer
                  | {spect, Self, Fort} (You took it off Mara on level 4 of the
                  | Vaults)
 71699 | Slime:5  | Identified the cursed +9 demon trident of the Soothsayer
                  | {spect, Self, Fort} (You took it off Mara on level 4 of the
                  | Vaults)
 71716 | Slime:5  | Identified the cursed +9 demon trident of the Soothsayer
                  | {spect, Self, Fort} (You took it off Mara on level 4 of the
                  | Vaults)
 71817 | Slime:5  | Noticed the Royal Jelly
 71822 | Slime:5  | Killed the Royal Jelly
 71923 | Slime:5  | Identified the cursed +9 demon trident of the Soothsayer
                  | {spect, Self, Fort} (You took it off Mara on level 4 of the
                  | Vaults)
 71930 | Slime:5  | Identified the cursed +9 demon trident of the Soothsayer
                  | {spect, Self, Fort} (You took it off Mara on level 4 of the
                  | Vaults)
 72238 | Slime:5  | Identified the ring of Curiosity {rF+ Dex+3}
 72286 | Slime:5  | Identified the cursed +9 demon trident of the Soothsayer
                  | {spect, Self, Fort} (You took it off Mara on level 4 of the
                  | Vaults)
 72416 | Slime:5  | Identified the ring of Tempters {Fly rCorr}
 72416 | Slime:5  | Identified the +1 quick blade of Gallantry {antimagic, rC+
                  | Int+2 Dex+2 SInv}
 72794 | Slime:5  | Got a slimy rune of Zot
 73198 | Vaults:5 | Entered Level 5 of the Vaults
 73353 | Vaults:4 | You fall into a shaft and drop 1 floor!
 73356 | Vaults:5 | Identified the cursed +9 demon trident of the Soothsayer
                  | {spect, Self, Fort} (You took it off Mara on level 4 of the
                  | Vaults)
 73385 | Vaults:5 | Identified the cursed +9 demon trident of the Soothsayer
                  | {spect, Self, Fort} (You took it off Mara on level 4 of the
                  | Vaults)
 73396 | Vaults:5 | Identified the cursed +9 demon trident of the Soothsayer
                  | {spect, Self, Fort} (You took it off Mara on level 4 of the
                  | Vaults)
 73481 | Vaults:5 | Noticed a dread lich
 73486 | Vaults:5 | Killed a dread lich
 73487 | Vaults:5 | Reached skill level 15 in Summonings
 73591 | Vaults:5 | Identified the cursed +9 demon trident of the Soothsayer
                  | {spect, Self, Fort} (You took it off Mara on level 4 of the
                  | Vaults)
 73595 | Vaults:5 | Identified the cursed +9 demon trident of the Soothsayer
                  | {spect, Self, Fort} (You took it off Mara on level 4 of the
                  | Vaults)
 73597 | Vaults:5 | Identified the ring of the Final Decision {rC+ Int+3 SInv
                  | Stlth-}
 73599 | Vaults:5 | Identified the cursed +9 demon trident of the Soothsayer
                  | {spect, Self, Fort} (You took it off Mara on level 4 of the
                  | Vaults)
 73601 | Vaults:5 | Identified the +3 flail "Ewujomem" {venom, rElec}
 73609 | Vaults:5 | Identified the cursed +9 demon trident of the Soothsayer
                  | {spect, Self, Fort} (You took it off Mara on level 4 of the
                  | Vaults)
 73611 | Vaults:5 | Identified the cursed +9 demon trident of the Soothsayer
                  | {spect, Self, Fort} (You took it off Mara on level 4 of the
                  | Vaults)
 73616 | Vaults:5 | Identified the cursed +9 demon trident of the Soothsayer
                  | {spect, Self, Fort} (You took it off Mara on level 4 of the
                  | Vaults)
 73634 | Vaults:5 | Identified the cursed +9 demon trident of the Soothsayer
                  | {spect, Self, Fort} (You took it off Mara on level 4 of the
                  | Vaults)
 73639 | Vaults:5 | Identified the cursed +9 demon trident of the Soothsayer
                  | {spect, Self, Fort} (You took it off Mara on level 4 of the
                  | Vaults)
 73641 | Vaults:5 | Identified the cursed +9 demon trident of the Soothsayer
                  | {spect, Self, Fort} (You took it off Mara on level 4 of the
                  | Vaults)
 73696 | Vaults:5 | Identified the cursed +9 demon trident of the Soothsayer
                  | {spect, Self, Fort} (You took it off Mara on level 4 of the
                  | Vaults)
 73699 | Vaults:5 | Identified the cursed +9 demon trident of the Soothsayer
                  | {spect, Self, Fort} (You took it off Mara on level 4 of the
                  | Vaults)
 73701 | Vaults:5 | Identified the cursed +9 demon trident of the Soothsayer
                  | {spect, Self, Fort} (You took it off Mara on level 4 of the
                  | Vaults)
 73703 | Vaults:5 | Identified the cursed +9 demon trident of the Soothsayer
                  | {spect, Self, Fort} (You took it off Mara on level 4 of the
                  | Vaults)
 73714 | Vaults:5 | Identified the ring of Eczuam {rElec rPois rN+ SInv}
 73724 | Vaults:5 | Identified the cursed +9 demon trident of the Soothsayer
                  | {spect, Self, Fort} (You took it off Mara on level 4 of the
                  | Vaults)
 73730 | Vaults:5 | Identified the cursed +9 demon trident of the Soothsayer
                  | {spect, Self, Fort} (You took it off Mara on level 4 of the
                  | Vaults)
 73878 | Vaults:5 | Identified the cursed +9 demon trident of the Soothsayer
                  | {spect, Self, Fort} (You took it off Mara on level 4 of the
                  | Vaults)
 73884 | Vaults:5 | Identified the cursed +9 demon trident of the Soothsayer
                  | {spect, Self, Fort} (You took it off Mara on level 4 of the
                  | Vaults)
 73889 | Vaults:5 | Identified the cursed +9 demon trident of the Soothsayer
                  | {spect, Self, Fort} (You took it off Mara on level 4 of the
                  | Vaults)
 73898 | Vaults:5 | Identified the cursed +9 demon trident of the Soothsayer
                  | {spect, Self, Fort} (You took it off Mara on level 4 of the
                  | Vaults)
 73956 | Vaults:5 | Identified the cursed +9 demon trident of the Soothsayer
                  | {spect, Self, Fort} (You took it off Mara on level 4 of the
                  | Vaults)
 73968 | Vaults:5 | Identified the cursed +9 demon trident of the Soothsayer
                  | {spect, Self, Fort} (You took it off Mara on level 4 of the
                  | Vaults)
 73970 | Vaults:5 | Identified the cursed +9 demon trident of the Soothsayer
                  | {spect, Self, Fort} (You took it off Mara on level 4 of the
                  | Vaults)
 73989 | Vaults:5 | Identified the cursed +9 demon trident of the Soothsayer
                  | {spect, Self, Fort} (You took it off Mara on level 4 of the
                  | Vaults)
 74007 | Vaults:5 | Identified the cursed +9 demon trident of the Soothsayer
                  | {spect, Self, Fort} (You took it off Mara on level 4 of the
                  | Vaults)
 74008 | Vaults:5 | Identified the cursed +9 demon trident of the Soothsayer
                  | {spect, Self, Fort} (You took it off Mara on level 4 of the
                  | Vaults)
 74039 | Vaults:5 | Identified the cursed +9 demon trident of the Soothsayer
                  | {spect, Self, Fort} (You took it off Mara on level 4 of the
                  | Vaults)
 74072 | Vaults:5 | Identified the cursed +9 demon trident of the Soothsayer
                  | {spect, Self, Fort} (You took it off Mara on level 4 of the
                  | Vaults)
 74108 | Vaults:5 | Identified the cursed +9 demon trident of the Soothsayer
                  | {spect, Self, Fort} (You took it off Mara on level 4 of the
                  | Vaults)
 74110 | Vaults:5 | Reached skill level 5 in Shields
 74126 | Vaults:5 | Identified the cursed +9 demon trident of the Soothsayer
                  | {spect, Self, Fort} (You took it off Mara on level 4 of the
                  | Vaults)
 74128 | Vaults:5 | Identified the cursed +9 demon trident of the Soothsayer
                  | {spect, Self, Fort} (You took it off Mara on level 4 of the
                  | Vaults)
 74136 | Vaults:5 | Identified the cursed +9 demon trident of the Soothsayer
                  | {spect, Self, Fort} (You took it off Mara on level 4 of the
                  | Vaults)
 74141 | Vaults:5 | Identified the cursed +9 demon trident of the Soothsayer
                  | {spect, Self, Fort} (You took it off Mara on level 4 of the
                  | Vaults)
 74149 | Vaults:5 | Identified the cursed +9 demon trident of the Soothsayer
                  | {spect, Self, Fort} (You took it off Mara on level 4 of the
                  | Vaults)
 74151 | Vaults:5 | Identified the cursed +9 demon trident of the Soothsayer
                  | {spect, Self, Fort} (You took it off Mara on level 4 of the
                  | Vaults)
 74158 | Vaults:5 | Identified the cursed +9 demon trident of the Soothsayer
                  | {spect, Self, Fort} (You took it off Mara on level 4 of the
                  | Vaults)
 74238 | Vaults:5 | Identified the cursed +9 demon trident of the Soothsayer
                  | {spect, Self, Fort} (You took it off Mara on level 4 of the
                  | Vaults)
 74243 | Vaults:5 | Identified the cursed +9 demon trident of the Soothsayer
                  | {spect, Self, Fort} (You took it off Mara on level 4 of the
                  | Vaults)
 74302 | Vaults:5 | Identified the cursed +9 demon trident of the Soothsayer
                  | {spect, Self, Fort} (You took it off Mara on level 4 of the
                  | Vaults)
 74326 | Vaults:5 | Identified the cursed +9 demon trident of the Soothsayer
                  | {spect, Self, Fort} (You took it off Mara on level 4 of the
                  | Vaults)
 74333 | Vaults:5 | Identified the cursed +9 demon trident of the Soothsayer
                  | {spect, Self, Fort} (You took it off Mara on level 4 of the
                  | Vaults)
 74338 | Vaults:5 | Identified the cursed +9 demon trident of the Soothsayer
                  | {spect, Self, Fort} (You took it off Mara on level 4 of the
                  | Vaults)
 74346 | Vaults:5 | Identified the cursed +9 demon trident of the Soothsayer
                  | {spect, Self, Fort} (You took it off Mara on level 4 of the
                  | Vaults)
 74348 | Vaults:5 | Identified the cursed +9 demon trident of the Soothsayer
                  | {spect, Self, Fort} (You took it off Mara on level 4 of the
                  | Vaults)
 74352 | Vaults:5 | Identified the cursed +9 demon trident of the Soothsayer
                  | {spect, Self, Fort} (You took it off Mara on level 4 of the
                  | Vaults)
 74353 | Vaults:5 | Identified the +7 arbalest of Nixe {drain, Int-5 Dex+4}
 74361 | Vaults:5 | Identified the cursed +9 demon trident of the Soothsayer
                  | {spect, Self, Fort} (You took it off Mara on level 4 of the
                  | Vaults)
 74365 | Vaults:5 | Identified the +5 mace of Popular Demand {drain, rElec rF+
                  | rN+}
 74510 | Vaults:5 | Identified the cursed +9 demon trident of the Soothsayer
                  | {spect, Self, Fort} (You took it off Mara on level 4 of the
                  | Vaults)
 74551 | Vaults:5 | Identified the cursed +9 demon trident of the Soothsayer
                  | {spect, Self, Fort} (You took it off Mara on level 4 of the
                  | Vaults)
 74554 | Vaults:5 | Identified the cursed +9 demon trident of the Soothsayer
                  | {spect, Self, Fort} (You took it off Mara on level 4 of the
                  | Vaults)
 74557 | Vaults:5 | Reached XP level 25. HP: 235/257 MP: 45/51
 74582 | Vaults:5 | Identified the cursed +9 demon trident of the Soothsayer
                  | {spect, Self, Fort} (You took it off Mara on level 4 of the
                  | Vaults)
 74587 | Vaults:5 | Identified the cursed +9 demon trident of the Soothsayer
                  | {spect, Self, Fort} (You took it off Mara on level 4 of the
                  | Vaults)
 74589 | Vaults:5 | Identified the cursed +9 demon trident of the Soothsayer
                  | {spect, Self, Fort} (You took it off Mara on level 4 of the
                  | Vaults)
 74597 | Vaults:5 | Identified the cursed +9 demon trident of the Soothsayer
                  | {spect, Self, Fort} (You took it off Mara on level 4 of the
                  | Vaults)
 74653 | Vaults:5 | Identified the cursed +9 demon trident of the Soothsayer
                  | {spect, Self, Fort} (You took it off Mara on level 4 of the
                  | Vaults)
 74656 | Vaults:5 | Identified the cursed +9 demon trident of the Soothsayer
                  | {spect, Self, Fort} (You took it off Mara on level 4 of the
                  | Vaults)
 74675 | Vaults:5 | Identified the cursed +9 demon trident of the Soothsayer
                  | {spect, Self, Fort} (You took it off Mara on level 4 of the
                  | Vaults)
 74681 | Vaults:5 | Identified the cursed +9 demon trident of the Soothsayer
                  | {spect, Self, Fort} (You took it off Mara on level 4 of the
                  | Vaults)
 74683 | Vaults:5 | Identified the cursed +9 demon trident of the Soothsayer
                  | {spect, Self, Fort} (You took it off Mara on level 4 of the
                  | Vaults)
 74685 | Vaults:5 | Identified the cursed +9 demon trident of the Soothsayer
                  | {spect, Self, Fort} (You took it off Mara on level 4 of the
                  | Vaults)
 74689 | Vaults:5 | Identified the cursed +9 demon trident of the Soothsayer
                  | {spect, Self, Fort} (You took it off Mara on level 4 of the
                  | Vaults)
 74692 | Vaults:5 | Identified the cursed +9 demon trident of the Soothsayer
                  | {spect, Self, Fort} (You took it off Mara on level 4 of the
                  | Vaults)
 74704 | Vaults:5 | Identified the cursed +9 demon trident of the Soothsayer
                  | {spect, Self, Fort} (You took it off Mara on level 4 of the
                  | Vaults)
 74709 | Vaults:5 | Identified the cursed +9 demon trident of the Soothsayer
                  | {spect, Self, Fort} (You took it off Mara on level 4 of the
                  | Vaults)
 74712 | Vaults:5 | Identified the cursed +9 demon trident of the Soothsayer
                  | {spect, Self, Fort} (You took it off Mara on level 4 of the
                  | Vaults)
 74714 | Vaults:5 | Identified the cursed +9 demon trident of the Soothsayer
                  | {spect, Self, Fort} (You took it off Mara on level 4 of the
                  | Vaults)
 74720 | Vaults:5 | Identified the cursed +9 demon trident of the Soothsayer
                  | {spect, Self, Fort} (You took it off Mara on level 4 of the
                  | Vaults)
 74880 | Vaults:5 | Identified the cursed +9 demon trident of the Soothsayer
                  | {spect, Self, Fort} (You took it off Mara on level 4 of the
                  | Vaults)
 74882 | Vaults:5 | Identified the cursed +9 demon trident of the Soothsayer
                  | {spect, Self, Fort} (You took it off Mara on level 4 of the
                  | Vaults)
 74894 | Vaults:5 | Noticed an ancient lich
 74900 | Vaults:5 | Killed an ancient lich
 74928 | Vaults:5 | Identified the cursed +9 demon trident of the Soothsayer
                  | {spect, Self, Fort} (You took it off Mara on level 4 of the
                  | Vaults)
 74940 | Vaults:5 | Identified the cursed +9 demon trident of the Soothsayer
                  | {spect, Self, Fort} (You took it off Mara on level 4 of the
                  | Vaults)
 75174 | Vaults:5 | Identified the cursed +9 demon trident of the Soothsayer
                  | {spect, Self, Fort} (You took it off Mara on level 4 of the
                  | Vaults)
 75205 | Vaults:5 | Identified the cursed +9 demon trident of the Soothsayer
                  | {spect, Self, Fort} (You took it off Mara on level 4 of the
                  | Vaults)
 75275 | Vaults:5 | Identified the cursed +9 demon trident of the Soothsayer
                  | {spect, Self, Fort} (You took it off Mara on level 4 of the
                  | Vaults)
 75420 | Vaults:5 | Identified the cursed +9 demon trident of the Soothsayer
                  | {spect, Self, Fort} (You took it off Mara on level 4 of the
                  | Vaults)
 75424 | Vaults:5 | Identified the cursed +9 demon trident of the Soothsayer
                  | {spect, Self, Fort} (You took it off Mara on level 4 of the
                  | Vaults)
 75544 | Vaults:5 | Identified the +7 crystal plate armour of Fedhas {rN+ MP+9
                  | Int+2 Slay+2}
 75551 | Vaults:5 | Got a silver rune of Zot
 75739 | Vaults:5 | Identified the cursed +9 demon trident of the Soothsayer
                  | {spect, Self, Fort} (You took it off Mara on level 4 of the
                  | Vaults)
 75945 | Vaults:2 | Identified the cursed +9 demon trident of the Soothsayer
                  | {spect, Self, Fort} (You took it off Mara on level 4 of the
                  | Vaults)
 76061 | Depths:1 | Entered Level 1 of the Depths
 76093 | Depths:3 | Identified the cursed +9 demon trident of the Soothsayer
                  | {spect, Self, Fort} (You took it off Mara on level 4 of the
                  | Vaults)
 76095 | Depths:3 | Identified the cursed +9 demon trident of the Soothsayer
                  | {spect, Self, Fort} (You took it off Mara on level 4 of the
                  | Vaults)
 76096 | Depths:3 | Identified the cursed +9 demon trident of the Soothsayer
                  | {spect, Self, Fort} (You took it off Mara on level 4 of the
                  | Vaults)
 76099 | Depths:3 | Identified the cursed +9 demon trident of the Soothsayer
                  | {spect, Self, Fort} (You took it off Mara on level 4 of the
                  | Vaults)
 76102 | Depths:3 | Reached skill level 18 in Evocations
 76107 | Depths:3 | Identified the cursed +9 demon trident of the Soothsayer
                  | {spect, Self, Fort} (You took it off Mara on level 4 of the
                  | Vaults)
 76122 | Depths:3 | Identified the cursed +9 demon trident of the Soothsayer
                  | {spect, Self, Fort} (You took it off Mara on level 4 of the
                  | Vaults)
 76126 | Depths:3 | Identified the cursed +9 demon trident of the Soothsayer
                  | {spect, Self, Fort} (You took it off Mara on level 4 of the
                  | Vaults)
 76129 | Depths:3 | Identified the cursed +9 demon trident of the Soothsayer
                  | {spect, Self, Fort} (You took it off Mara on level 4 of the
                  | Vaults)
 76132 | Depths:3 | Identified the cursed +9 demon trident of the Soothsayer
                  | {spect, Self, Fort} (You took it off Mara on level 4 of the
                  | Vaults)
 76136 | Depths:3 | Identified the cursed +9 demon trident of the Soothsayer
                  | {spect, Self, Fort} (You took it off Mara on level 4 of the
                  | Vaults)
 76138 | Depths:3 | Identified the +1 arbalest of Feral Action {heavy, Drain
                  | Dex+5}
 76147 | Depths:2 | Identified the cursed +9 demon trident of the Soothsayer
                  | {spect, Self, Fort} (You took it off Mara on level 4 of the
                  | Vaults)
 76394 | Depths:3 | Identified the cursed +9 demon trident of the Soothsayer
                  | {spect, Self, Fort} (You took it off Mara on level 4 of the
                  | Vaults)
 76396 | Depths:3 | Identified the cursed +9 demon trident of the Soothsayer
                  | {spect, Self, Fort} (You took it off Mara on level 4 of the
                  | Vaults)
 76400 | Depths:3 | Identified the cursed +9 demon trident of the Soothsayer
                  | {spect, Self, Fort} (You took it off Mara on level 4 of the
                  | Vaults)
 76411 | Depths:3 | Identified the cursed +9 demon trident of the Soothsayer
                  | {spect, Self, Fort} (You took it off Mara on level 4 of the
                  | Vaults)
 76414 | Depths:3 | Identified the cursed +9 demon trident of the Soothsayer
                  | {spect, Self, Fort} (You took it off Mara on level 4 of the
                  | Vaults)
 76426 | Depths:3 | Identified the cursed +9 demon trident of the Soothsayer
                  | {spect, Self, Fort} (You took it off Mara on level 4 of the
                  | Vaults)
 76432 | Depths:3 | Identified the cursed +9 demon trident of the Soothsayer
                  | {spect, Self, Fort} (You took it off Mara on level 4 of the
                  | Vaults)
 76435 | Depths:3 | Identified the cursed +9 demon trident of the Soothsayer
                  | {spect, Self, Fort} (You took it off Mara on level 4 of the
                  | Vaults)
 76602 | Depths:3 | Identified the cursed +9 demon trident of the Soothsayer
                  | {spect, Self, Fort} (You took it off Mara on level 4 of the
                  | Vaults)
 76729 | Depths:4 | Entered Level 4 of the Depths
 76789 | Depths:4 | Found a snail-covered altar of Cheibriados.
 76818 | Depths:4 | Identified the cursed +9 demon trident of the Soothsayer
                  | {spect, Self, Fort} (You took it off Mara on level 4 of the
                  | Vaults)
 76825 | Depths:4 | Identified the cursed +9 demon trident of the Soothsayer
                  | {spect, Self, Fort} (You took it off Mara on level 4 of the
                  | Vaults)
 76833 | Depths:4 | Identified the cursed +9 demon trident of the Soothsayer
                  | {spect, Self, Fort} (You took it off Mara on level 4 of the
                  | Vaults)
 76838 | Depths:4 | Identified the cursed +9 demon trident of the Soothsayer
                  | {spect, Self, Fort} (You took it off Mara on level 4 of the
                  | Vaults)
 76843 | Depths:4 | Identified the cursed +9 demon trident of the Soothsayer
                  | {spect, Self, Fort} (You took it off Mara on level 4 of the
                  | Vaults)
 76848 | Depths:4 | Identified the cursed +9 demon trident of the Soothsayer
                  | {spect, Self, Fort} (You took it off Mara on level 4 of the
                  | Vaults)
 76851 | Depths:4 | Reached skill level 19 in Evocations
 77027 | Depths:4 | Identified the cursed +9 demon trident of the Soothsayer
                  | {spect, Self, Fort} (You took it off Mara on level 4 of the
                  | Vaults)
 77078 | Depths:4 | Identified the cursed +9 demon trident of the Soothsayer
                  | {spect, Self, Fort} (You took it off Mara on level 4 of the
                  | Vaults)
 77081 | Depths:4 | Identified the cursed +9 demon trident of the Soothsayer
                  | {spect, Self, Fort} (You took it off Mara on level 4 of the
                  | Vaults)
 77089 | Depths:4 | Identified the cursed +9 demon trident of the Soothsayer
                  | {spect, Self, Fort} (You took it off Mara on level 4 of the
                  | Vaults)
 77137 | Depths:4 | Identified the cursed +9 demon trident of the Soothsayer
                  | {spect, Self, Fort} (You took it off Mara on level 4 of the
                  | Vaults)
 77140 | Depths:4 | Identified the cursed +9 demon trident of the Soothsayer
                  | {spect, Self, Fort} (You took it off Mara on level 4 of the
                  | Vaults)
 77143 | Depths:4 | Identified the cursed +9 demon trident of the Soothsayer
                  | {spect, Self, Fort} (You took it off Mara on level 4 of the
                  | Vaults)
 77232 | Depths:4 | Identified the cursed +9 demon trident of the Soothsayer
                  | {spect, Self, Fort} (You took it off Mara on level 4 of the
                  | Vaults)
 77257 | Depths:4 | Identified the cursed +9 demon trident of the Soothsayer
                  | {spect, Self, Fort} (You took it off Mara on level 4 of the
                  | Vaults)
 77426 | Depths:4 | Identified the cursed +9 demon trident of the Soothsayer
                  | {spect, Self, Fort} (You took it off Mara on level 4 of the
                  | Vaults)
 77428 | Depths:4 | Identified the cursed +9 demon trident of the Soothsayer
                  | {spect, Self, Fort} (You took it off Mara on level 4 of the
                  | Vaults)
 77431 | Depths:4 | Identified the cursed +9 demon trident of the Soothsayer
                  | {spect, Self, Fort} (You took it off Mara on level 4 of the
                  | Vaults)
 77433 | Depths:4 | Identified the cursed +9 demon trident of the Soothsayer
                  | {spect, Self, Fort} (You took it off Mara on level 4 of the
                  | Vaults)
 77434 | Depths:4 | Identified the cursed +9 demon trident of the Soothsayer
                  | {spect, Self, Fort} (You took it off Mara on level 4 of the
                  | Vaults)
 77436 | Depths:4 | Identified the +0 chain mail of Yduat {Dex+3}
 77437 | Depths:4 | Identified the cursed +9 demon trident of the Soothsayer
                  | {spect, Self, Fort} (You took it off Mara on level 4 of the
                  | Vaults)
 77440 | Depths:4 | Reached skill level 5 in Earth Magic
 77441 | Depths:4 | Identified the cursed +9 demon trident of the Soothsayer
                  | {spect, Self, Fort} (You took it off Mara on level 4 of the
                  | Vaults)
 77445 | Depths:4 | Identified the cursed +9 demon trident of the Soothsayer
                  | {spect, Self, Fort} (You took it off Mara on level 4 of the
                  | Vaults)
 77451 | Depths:4 | Identified the cursed +9 demon trident of the Soothsayer
                  | {spect, Self, Fort} (You took it off Mara on level 4 of the
                  | Vaults)
 77455 | Depths:4 | Identified the cursed +9 demon trident of the Soothsayer
                  | {spect, Self, Fort} (You took it off Mara on level 4 of the
                  | Vaults)
 77490 | Depths:4 | Identified the cursed +9 demon trident of the Soothsayer
                  | {spect, Self, Fort} (You took it off Mara on level 4 of the
                  | Vaults)
 77512 | Depths:4 | Found a gateway to Hell.
 77516 | Depths:4 | Identified the cursed +9 demon trident of the Soothsayer
                  | {spect, Self, Fort} (You took it off Mara on level 4 of the
                  | Vaults)
 77520 | Depths:4 | Identified the cursed +9 demon trident of the Soothsayer
                  | {spect, Self, Fort} (You took it off Mara on level 4 of the
                  | Vaults)
 77525 | Depths:4 | Identified the cursed +9 demon trident of the Soothsayer
                  | {spect, Self, Fort} (You took it off Mara on level 4 of the
                  | Vaults)
 77530 | Depths:4 | Identified the cursed +9 demon trident of the Soothsayer
                  | {spect, Self, Fort} (You took it off Mara on level 4 of the
                  | Vaults)
 77535 | Depths:4 | Identified the cursed +9 demon trident of the Soothsayer
                  | {spect, Self, Fort} (You took it off Mara on level 4 of the
                  | Vaults)
 77542 | Depths:4 | Identified the cursed +9 demon trident of the Soothsayer
                  | {spect, Self, Fort} (You took it off Mara on level 4 of the
                  | Vaults)
 77547 | Depths:4 | Found a gate to the Realm of Zot.
 77563 | Depths:4 | Identified the cursed +9 demon trident of the Soothsayer
                  | {spect, Self, Fort} (You took it off Mara on level 4 of the
                  | Vaults)
 77573 | Depths:4 | Identified the cursed +9 demon trident of the Soothsayer
                  | {spect, Self, Fort} (You took it off Mara on level 4 of the
                  | Vaults)
 77662 | Depths:4 | Identified the cursed +9 demon trident of the Soothsayer
                  | {spect, Self, Fort} (You took it off Mara on level 4 of the
                  | Vaults)
 77665 | Depths:4 | Identified the cursed +9 demon trident of the Soothsayer
                  | {spect, Self, Fort} (You took it off Mara on level 4 of the
                  | Vaults)
 77669 | Depths:4 | Identified the cursed +9 demon trident of the Soothsayer
                  | {spect, Self, Fort} (You took it off Mara on level 4 of the
                  | Vaults)
 77693 | Depths:4 | Identified the cursed +9 demon trident of the Soothsayer
                  | {spect, Self, Fort} (You took it off Mara on level 4 of the
                  | Vaults)
 77696 | Depths:4 | Identified the cursed +9 demon trident of the Soothsayer
                  | {spect, Self, Fort} (You took it off Mara on level 4 of the
                  | Vaults)
 77699 | Depths:4 | Identified the cursed +9 demon trident of the Soothsayer
                  | {spect, Self, Fort} (You took it off Mara on level 4 of the
                  | Vaults)
 77712 | Depths:4 | Identified the cursed +9 demon trident of the Soothsayer
                  | {spect, Self, Fort} (You took it off Mara on level 4 of the
                  | Vaults)
 77713 | Depths:4 | Identified the cursed +9 demon trident of the Soothsayer
                  | {spect, Self, Fort} (You took it off Mara on level 4 of the
                  | Vaults)
 77719 | Depths:4 | Identified the cursed +9 demon trident of the Soothsayer
                  | {spect, Self, Fort} (You took it off Mara on level 4 of the
                  | Vaults)
 77740 | Depths:4 | Learned a level 8 spell: Lehudib's Crystal Spear
 77814 | Zot:1    | Entered Level 1 of the Realm of Zot
 77861 | Zot:1    | Identified the cursed +9 demon trident of the Soothsayer
                  | {spect, Self, Fort} (You took it off Mara on level 4 of the
                  | Vaults)
 77904 | Zot:1    | Identified the cursed +9 demon trident of the Soothsayer
                  | {spect, Self, Fort} (You took it off Mara on level 4 of the
                  | Vaults)
 77918 | Zot:1    | Identified the cursed +9 demon trident of the Soothsayer
                  | {spect, Self, Fort} (You took it off Mara on level 4 of the
                  | Vaults)
 78134 | Zot:1    | Identified the cursed +9 demon trident of the Soothsayer
                  | {spect, Self, Fort} (You took it off Mara on level 4 of the
                  | Vaults)
 78144 | Zot:1    | Identified the cursed +9 demon trident of the Soothsayer
                  | {spect, Self, Fort} (You took it off Mara on level 4 of the
                  | Vaults)
 78151 | Zot:1    | Identified the cursed +9 demon trident of the Soothsayer
                  | {spect, Self, Fort} (You took it off Mara on level 4 of the
                  | Vaults)
 78161 | Zot:1    | Identified the cursed +9 demon trident of the Soothsayer
                  | {spect, Self, Fort} (You took it off Mara on level 4 of the
                  | Vaults)
 78248 | Zot:1    | Identified the cursed +9 demon trident of the Soothsayer
                  | {spect, Self, Fort} (You took it off Mara on level 4 of the
                  | Vaults)
 78252 | Zot:1    | Identified the cursed +9 demon trident of the Soothsayer
                  | {spect, Self, Fort} (You took it off Mara on level 4 of the
                  | Vaults)
 78255 | Zot:1    | Identified the cursed +9 demon trident of the Soothsayer
                  | {spect, Self, Fort} (You took it off Mara on level 4 of the
                  | Vaults)
 78257 | Zot:1    | Identified the cursed +9 demon trident of the Soothsayer
                  | {spect, Self, Fort} (You took it off Mara on level 4 of the
                  | Vaults)
 78262 | Zot:1    | Reached skill level 20 in Evocations
 78340 | Zot:1    | Identified the cursed +9 demon trident of the Soothsayer
                  | {spect, Self, Fort} (You took it off Mara on level 4 of the
                  | Vaults)
 78342 | Zot:1    | Reached XP level 26. HP: 247/268 MP: 33/51
 78343 | Zot:1    | Identified the cursed +9 demon trident of the Soothsayer
                  | {spect, Self, Fort} (You took it off Mara on level 4 of the
                  | Vaults)
 78347 | Zot:1    | Identified the cursed +9 demon trident of the Soothsayer
                  | {spect, Self, Fort} (You took it off Mara on level 4 of the
                  | Vaults)
 78418 | Zot:1    | Identified the cursed +9 demon trident of the Soothsayer
                  | {spect, Self, Fort} (You took it off Mara on level 4 of the
                  | Vaults)
 78421 | Zot:1    | Identified the cursed +9 demon trident of the Soothsayer
                  | {spect, Self, Fort} (You took it off Mara on level 4 of the
                  | Vaults)
 79374 | Zot:3    | Noticed Parghit
 79379 | Zot:3    | Identified the cursed +9 demon trident of the Soothsayer
                  | {spect, Self, Fort} (You took it off Mara on level 4 of the
                  | Vaults)
 79382 | Zot:3    | Identified the cursed +9 demon trident of the Soothsayer
                  | {spect, Self, Fort} (You took it off Mara on level 4 of the
                  | Vaults)
 79387 | Zot:3    | Killed Parghit
 79755 | D:4      | Bought a phantom mirror for 880 gold pieces
 79755 | D:4      | Bought a potion of might for 88 gold pieces
 80013 | Snake:2  | Bought a scroll of fog for 100 gold pieces
 80013 | Snake:2  | Bought a potion of magic for 200 gold pieces
 80013 | Snake:2  | Bought a wand of roots (8) for 480 gold pieces
 80391 | Zot:3    | Identified the cursed +9 demon trident of the Soothsayer
                  | {spect, Self, Fort} (You took it off Mara on level 4 of the
                  | Vaults)
 80497 | Zot:3    | Identified the cursed +9 demon trident of the Soothsayer
                  | {spect, Self, Fort} (You took it off Mara on level 4 of the
                  | Vaults)
 80502 | Zot:3    | Identified the cursed +9 demon trident of the Soothsayer
                  | {spect, Self, Fort} (You took it off Mara on level 4 of the
                  | Vaults)
 80507 | Zot:3    | Identified the cursed +9 demon trident of the Soothsayer
                  | {spect, Self, Fort} (You took it off Mara on level 4 of the
                  | Vaults)
 80513 | Zot:3    | Identified the cursed +9 demon trident of the Soothsayer
                  | {spect, Self, Fort} (You took it off Mara on level 4 of the
                  | Vaults)
 80518 | Zot:3    | Identified the cursed +9 demon trident of the Soothsayer
                  | {spect, Self, Fort} (You took it off Mara on level 4 of the
                  | Vaults)
 80623 | Zot:4    | Identified the cursed +9 demon trident of the Soothsayer
                  | {spect, Self, Fort} (You took it off Mara on level 4 of the
                  | Vaults)
 80789 | Zot:5    | Entered Level 5 of the Realm of Zot
 80796 | Zot:5    | Identified the cursed +9 demon trident of the Soothsayer
                  | {spect, Self, Fort} (You took it off Mara on level 4 of the
                  | Vaults)
 80996 | Zot:5    | Found a huge runed gate.
 80996 | Zot:5    | Found a huge runed gate.
 80997 | Zot:5    | Found a huge runed gate.
 80997 | Zot:5    | Found a huge runed gate.
 80997 | Zot:5    | Found a huge runed gate.
 80997 | Zot:5    | Found a huge runed gate.
 80998 | Zot:5    | Found a huge runed gate.
 80999 | Zot:5    | Found a huge runed gate.
 80999 | Zot:5    | Found a huge runed gate.
 81000 | Zot:5    | Found a huge runed gate.
 81000 | Zot:5    | Found a huge runed gate.
 81002 | Zot:5    | Found a huge runed gate.
 81003 | Zot:5    | Found a huge runed gate.
 81004 | Zot:5    | Found a huge runed gate.
 81013 | Zot:5    | Found a huge runed gate.
 81013 | Zot:5    | Found a huge runed gate.
 81013 | Zot:5    | Found a huge runed gate.
 81013 | Zot:5    | Found a huge runed gate.
 81013 | Zot:5    | Found a huge runed gate.
 81013 | Zot:5    | Found a huge runed gate.
 81014 | Zot:5    | Found a huge runed gate.
 81015 | Zot:5    | Found a huge runed gate.
 81016 | Zot:5    | Found a huge runed gate.
 81024 | Zot:5    | Found a huge runed gate.
 81024 | Zot:5    | Found a huge runed gate.
 81024 | Zot:5    | Found a huge runed gate.
 81024 | Zot:5    | Found a huge runed gate.
 81024 | Zot:5    | Found a huge runed gate.
 81024 | Zot:5    | Found a huge runed gate.
 81025 | Zot:5    | Found a huge runed gate.
 81026 | Zot:5    | Found a huge runed gate.
 81027 | Zot:5    | Found a huge runed gate.
 81035 | Zot:5    | Found a huge runed gate.
 81035 | Zot:5    | Found a huge runed gate.
 81035 | Zot:5    | Found a huge runed gate.
 81035 | Zot:5    | Found a huge runed gate.
 81058 | Zot:5    | Identified the cursed +9 demon trident of the Soothsayer
                  | {spect, Self, Fort} (You took it off Mara on level 4 of the
                  | Vaults)
 81510 | Zot:5    | Identified the cursed +9 demon trident of the Soothsayer
                  | {spect, Self, Fort} (You took it off Mara on level 4 of the
                  | Vaults)
 81513 | Zot:5    | Identified the cursed +9 demon trident of the Soothsayer
                  | {spect, Self, Fort} (You took it off Mara on level 4 of the
                  | Vaults)
 81515 | Zot:5    | Identified the cursed +9 demon trident of the Soothsayer
                  | {spect, Self, Fort} (You took it off Mara on level 4 of the
                  | Vaults)
 81521 | Zot:5    | Identified the cursed +9 demon trident of the Soothsayer
                  | {spect, Self, Fort} (You took it off Mara on level 4 of the
                  | Vaults)
 81699 | Zot:5    | Found a huge runed gate.
 81699 | Zot:5    | Found a huge runed gate.
 81699 | Zot:5    | Found a huge runed gate.
 81699 | Zot:5    | Found a huge runed gate.
 81699 | Zot:5    | Found a huge runed gate.
 81699 | Zot:5    | Found a huge runed gate.
 81700 | Zot:5    | Found a huge runed gate.
 81745 | Zot:5    | Found a huge runed gate.
 81745 | Zot:5    | Found a huge runed gate.
 81745 | Zot:5    | Found a huge runed gate.
 81745 | Zot:5    | Found a huge runed gate.
 81746 | Zot:5    | Found a huge runed gate.
 81747 | Zot:5    | Found a huge runed gate.
 81748 | Zot:5    | Found a huge runed gate.
 81749 | Zot:5    | Found a huge runed gate.
 81750 | Zot:5    | Found a huge runed gate.
 81758 | Zot:5    | Found a huge runed gate.
 81758 | Zot:5    | Found a huge runed gate.
 81758 | Zot:5    | Found a huge runed gate.
 81758 | Zot:5    | Found a huge runed gate.
 81758 | Zot:5    | Found a huge runed gate.
 81758 | Zot:5    | Found a huge runed gate.
 81759 | Zot:5    | Found a huge runed gate.
 81760 | Zot:5    | Found a huge runed gate.
 81761 | Zot:5    | Found a huge runed gate.
 81769 | Zot:5    | Found a huge runed gate.
 82022 | Zot:5    | Identified the cursed +9 demon trident of the Soothsayer
                  | {spect, Self, Fort} (You took it off Mara on level 4 of the
                  | Vaults)
 82024 | Zot:5    | Identified the cursed +9 demon trident of the Soothsayer
                  | {spect, Self, Fort} (You took it off Mara on level 4 of the
                  | Vaults)
 82026 | Zot:5    | Reached skill level 21 in Evocations
 82042 | Zot:5    | Identified the cursed +9 demon trident of the Soothsayer
                  | {spect, Self, Fort} (You took it off Mara on level 4 of the
                  | Vaults)
 82073 | Zot:5    | Identified the cursed +9 demon trident of the Soothsayer
                  | {spect, Self, Fort} (You took it off Mara on level 4 of the
                  | Vaults)
 82260 | Zot:5    | Identified the cursed +9 demon trident of the Soothsayer
                  | {spect, Self, Fort} (You took it off Mara on level 4 of the
                  | Vaults)
 82281 | Zot:5    | Identified the cursed +9 demon trident of the Soothsayer
                  | {spect, Self, Fort} (You took it off Mara on level 4 of the
                  | Vaults)
 82342 | Zot:5    | Noticed a Killer Klown
 82348 | Zot:5    | Killed a Killer Klown
 82537 | Zot:5    | Identified the cursed +9 demon trident of the Soothsayer
                  | {spect, Self, Fort} (You took it off Mara on level 4 of the
                  | Vaults)
 82647 | Zot:5    | Identified the cursed +9 demon trident of the Soothsayer
                  | {spect, Self, Fort} (You took it off Mara on level 4 of the
                  | Vaults)
 82650 | Zot:5    | Identified the cursed +9 demon trident of the Soothsayer
                  | {spect, Self, Fort} (You took it off Mara on level 4 of the
                  | Vaults)
 82739 | Zot:5    | Noticed a dread lich
 82743 | Zot:5    | Killed a dread lich
 82744 | Zot:5    | Noticed a Killer Klown
 82752 | Zot:5    | Killed a Killer Klown
 82816 | Zot:5    | Noticed a Killer Klown
 82821 | Zot:5    | Killed a Killer Klown
 83080 | Zot:5    | Noticed a Killer Klown
 83087 | Zot:5    | Killed a Killer Klown
 83272 | Zot:5    | Noticed an ancient lich
 83281 | Zot:5    | Identified the cursed +9 demon trident of the Soothsayer
                  | {spect, Self, Fort} (You took it off Mara on level 4 of the
                  | Vaults)
 83281 | Zot:5    | Killed an ancient lich
 83331 | Zot:5    | Identified the cursed +9 demon trident of the Soothsayer
                  | {spect, Self, Fort} (You took it off Mara on level 4 of the
                  | Vaults)
 83336 | Zot:5    | Identified the cursed +9 demon trident of the Soothsayer
                  | {spect, Self, Fort} (You took it off Mara on level 4 of the
                  | Vaults)
 83337 | Zot:5    | Identified the +0 chain mail of Vampiric Thralls {rPois rF-
                  | Regen+}
 83351 | Zot:5    | Identified the cursed +9 demon trident of the Soothsayer
                  | {spect, Self, Fort} (You took it off Mara on level 4 of the
                  | Vaults)
 83354 | Zot:5    | Identified the cursed +9 demon trident of the Soothsayer
                  | {spect, Self, Fort} (You took it off Mara on level 4 of the
                  | Vaults)
 83371 | Zot:5    | Identified the cursed +9 demon trident of the Soothsayer
                  | {spect, Self, Fort} (You took it off Mara on level 4 of the
                  | Vaults)
 83380 | Zot:5    | Identified the cursed +9 demon trident of the Soothsayer
                  | {spect, Self, Fort} (You took it off Mara on level 4 of the
                  | Vaults)
 83389 | Zot:5    | Identified the cursed +9 demon trident of the Soothsayer
                  | {spect, Self, Fort} (You took it off Mara on level 4 of the
                  | Vaults)
 83392 | Zot:5    | Identified the cursed +9 demon trident of the Soothsayer
                  | {spect, Self, Fort} (You took it off Mara on level 4 of the
                  | Vaults)
 83396 | Zot:5    | Identified the cursed +9 demon trident of the Soothsayer
                  | {spect, Self, Fort} (You took it off Mara on level 4 of the
                  | Vaults)
 83402 | Zot:5    | Identified the cursed +9 demon trident of the Soothsayer
                  | {spect, Self, Fort} (You took it off Mara on level 4 of the
                  | Vaults)
 83407 | Zot:5    | Identified the cursed +9 demon trident of the Soothsayer
                  | {spect, Self, Fort} (You took it off Mara on level 4 of the
                  | Vaults)
 83410 | Zot:5    | Identified the cursed +9 demon trident of the Soothsayer
                  | {spect, Self, Fort} (You took it off Mara on level 4 of the
                  | Vaults)
 83413 | Zot:5    | Identified the cursed +9 demon trident of the Soothsayer
                  | {spect, Self, Fort} (You took it off Mara on level 4 of the
                  | Vaults)
 83478 | Zot:5    | Noticed an orb of fire
 83482 | Zot:5    | Got the Orb of Zot
 83494 | Zot:5    | Noticed a Killer Klown
 83498 | Zot:5    | Identified the cursed +9 demon trident of the Soothsayer
                  | {spect, Self, Fort} (You took it off Mara on level 4 of the
                  | Vaults)
 83502 | Zot:5    | Identified the cursed +9 demon trident of the Soothsayer
                  | {spect, Self, Fort} (You took it off Mara on level 4 of the
                  | Vaults)
 83503 | Zot:5    | Noticed an ancient lich
 83510 | Zot:5    | Identified the cursed +9 demon trident of the Soothsayer
                  | {spect, Self, Fort} (You took it off Mara on level 4 of the
                  | Vaults)
 83514 | Zot:5    | Killed an orb of fire
 83515 | Zot:5    | Killed a Killer Klown
 83519 | Zot:5    | Killed an ancient lich
 83520 | Zot:5    | Reached skill level 22 in Evocations
 83520 | Zot:5    | Reached XP level 27. HP: 226/291 MP: 24/52
 83569 | Zot:5    | Identified the cursed +9 demon trident of the Soothsayer
                  | {spect, Self, Fort} (You took it off Mara on level 4 of the
                  | Vaults)
 83571 | Zot:5    | Noticed Rigaasar the pandemonium lord
 83687 | Zot:1    | Noticed Kiompake the pandemonium lord
 83740 | Depths:2 | Identified the cursed +9 demon trident of the Soothsayer
                  | {spect, Self, Fort} (You took it off Mara on level 4 of the
                  | Vaults)
 83755 | Depths:2 | Identified the cursed +9 demon trident of the Soothsayer
                  | {spect, Self, Fort} (You took it off Mara on level 4 of the
                  | Vaults)
 83830 | D:14     | Identified the cursed +9 demon trident of the Soothsayer
                  | {spect, Self, Fort} (You took it off Mara on level 4 of the
                  | Vaults)
 83859 | D:12     | Identified the cursed +9 demon trident of the Soothsayer
                  | {spect, Self, Fort} (You took it off Mara on level 4 of the
                  | Vaults)
 83865 | D:12     | Identified the cursed +9 demon trident of the Soothsayer
                  | {spect, Self, Fort} (You took it off Mara on level 4 of the
                  | Vaults)
 83867 | D:12     | Identified the cursed +9 demon trident of the Soothsayer
                  | {spect, Self, Fort} (You took it off Mara on level 4 of the
                  | Vaults)
 83915 | D:9      | Identified the cursed +9 demon trident of the Soothsayer
                  | {spect, Self, Fort} (You took it off Mara on level 4 of the
                  | Vaults)
 83969 | D:6      | Noticed an ancient lich
 83973 | D:5      | Identified the cursed +9 demon trident of the Soothsayer
                  | {spect, Self, Fort} (You took it off Mara on level 4 of the
                  | Vaults)
 84038 | D:3      | Identified the cursed +9 demon trident of the Soothsayer
                  | {spect, Self, Fort} (You took it off Mara on level 4 of the
                  | Vaults)
 84049 | D:2      | Identified the cursed +9 demon trident of the Soothsayer
                  | {spect, Self, Fort} (You took it off Mara on level 4 of the
                  | Vaults)
 84070 | D:2      | Identified the cursed +9 demon trident of the Soothsayer
                  | {spect, Self, Fort} (You took it off Mara on level 4 of the
                  | Vaults)
 84076 | D:2      | Identified the cursed +9 demon trident of the Soothsayer
                  | {spect, Self, Fort} (You took it off Mara on level 4 of the
                  | Vaults)
 84135 | D:$      | Escaped with the Orb!

Illustrated notes

Levels and vault maps discovered:
D:1:      onia_arrival_mini_spirals, layout_basic, serial_shops,
          nicolae_shop_gaudy_bauble, chequers_ecumenical_altar_simple_redux,
          minmay_misc_feat_columns, minivault_11
D:2:      layout_loops_corners, serial_glass, glass_columns_c, glass_columns_c
D:3:      kennysheep_the_goblin_king, layout_loops_ring, uniq_grinder
D:4:      layout_gridville, mainiacjoe_overflow_alcove_2,
          overflow_temple_1_default, mainiacjoe_overflow_catwalk,
          minmay_temple_entry_tees, gup_ossuary_entry_pyramid, serial_shops,
          shop, grunt_decor_arrowhead
D:5:      minmay_bubble_buster, layout_basic, uniq_sigmund
D:6:      layout_cave_pools, mainiacjoe_overflow_brackets, ebering_ghost_gozag
D:7:      layout_basic, kennysheep_generic_room_11
D:8:      kennysheep_housing_project, layout_rooms
D:9:      layout_loops_ring, mainiacjoe_overflow_boulevard, uniq_maurice
D:10:     minmay_distorted_concentric_squares, layout_basic,
          nicolae_qazlal_general_emergency, erik_lair_island, special_room
          [special_room_orc]
D:11:     layout_basic, item_on_display_b, uniq_erica
D:12:     layout_cave_pools, minmay_orc_entry_guard_dogs
D:13:     layout_cross, serial_column_ruins, column_ruins_hut_water,
          column_ruins_hut_water, column_ruins_corridor_straight,
          column_ruins_open_tiny, column_ruins_columns_corner,
          column_ruins_open_tiny, column_ruins_grid_1, column_ruins_grid_1,
          column_ruins_open_tiny, uniq_erolcha
D:14:     minmay_connected_boxes_in_corner, layout_long_grid,
          skrybe_vaults_entry_preservation, nicolae_elevator_lobby_plus,
          nzn_wu_jian_contemplation
D:15:     grunt_enter_depths_snipers, layout_loops_ring, gammafunk_ghost_ooze,
          minmay_misc_feat_five, nicolae_shop_sticking_my_neck_out
Lair:1:   layout_concentric_octagons, nicolae_lair_liquid_snakes, uniq_nergalle
Lair:2:   layout_long_grid, alex1729_snake_entry_snake, uniq_maggie, uniq_sonja,
          uniq_fannar, uniq_gastronok
Lair:3:   layout_cave_pods, swamp_mist
Lair:4:   layout_long_grid, lemuel_fruit_tree, lemuel_fruit_fields,
          serial_bayou_shore_b
Lair:5:   evilmike_catoblepas_cave, layout_regular_city,
          minmay_slime_entry_oklob_open, gammafunk_ghost_hive,
          infiniplex_staircase_pool, serial_bayou_shore_a
Swamp:1:  nicolae_swamp_secret_spriggan_hideout, layout_falls_marsh,
          nicolae_swamp_oxbows, nicolae_swamp_little_tower, uniq_roxanne,
          uniq_mlioglotl, uniq_nikola
Swamp:2:  layout_basic_swamp, nicolae_swamp_stair_fork
Swamp:3:  layout_basic_swamp, serial_swamp_ruin, evilmike_swamp_ruin_house_5,
          evilmike_swamp_ruin_house_1, evilmike_swamp_ruin_rubble_2
Swamp:4:  swamp_fiery, layout_basic_swamp, swamp_pool1
Snake:1:  layout_onion, serial_shops, nicolae_shop_hallway_stairs,
          nicolae_snake_flat_spine, nicolae_snake_single_loop, uniq_louise
Snake:2:  layout_misc_corridors, serial_shops, shop, uniq_aizul
Snake:3:  layout_layer_cave
Snake:4:  minmay_snake_end_coiled, layout_cave_town
Slime:1:  layout_caves
Slime:2:  layout_caves
Slime:3:  layout_caves
Slime:4:  layout_caves
Slime:5:  slime_pit_nicolae_inversion
Orc:1:    layout_caves, nicolae_orc_flooded_monolith
Orc:2:    st_orc_rangers, layout_caves, abandoned_shop
Elf:1:    elf_arrival_002, layout_loops_cross,
          hangedman_elven_crosses_minicolossus
Elf:2:    nicolae_elf_blades_splatter_lattice [nicolae_blade_bullseye],
          layout_onion_city, serial_shops, nicolae_shop_stone,
          lemuel_upstairs_altar
Elf:3:    minmay_elf_hall_circle, layout_gridlike, basic_altar, serial_sigils,
          serial_sigils_hangedman_quiver, serial_sigils_hangedman_gut,
          serial_sigils_hangedman_leer, serial_sigils_hangedman_scratch,
          serial_sigils_hangedman_gnaw, serial_sigils_hangedman_clutch
Vaults:1: st_smaller_cells, hangedman_vaults_pinch, vaults_standard_mumra_lines,
          grunt_vaults_focal, nicolae_vaults_wine_cellar,
          ontoclasm_vaults_idyll, vaults_dpeg_ring, layout_vaults_omnigrid
Vaults:2: ontoclasm_vaults_misaligned, v_rooms_1, nicolae_vaults_three_branches,
          nicolae_vaults_double_plus_1, nicolae_vaults_network_periphery,
          hangedman_vaults_corner, ontoclasm_vaults_chip, st_diamondy,
          nicolae_vaults_alarming, layout_vaults_omnicross
Vaults:3: grunt_vaults_trifunnel, vaults_room_grunt_arrival_checkpoint,
          nicolae_vaults_quadrants, nicolae_vaults_trapezoid_2,
          nicolae_vaults_double_plus_3, minmay_crypt_entry_simple_sparse,
          ontoclasm_vaults_loading_screen, nicolae_vaults_yaktaur_gun_rack,
          nicolae_vaults_tetromino_L_1, vaults_room_grid, vaults_room_door_hall,
          nicolae_vaults_surprise_closet, ontoclasm_vaults_chip,
          nicolae_vaults_diamond_1, layout_vaults_chaotic_city, serial_shops,
          shop
Vaults:4: mu_enter_wizlab_4, dpeg_vaults_hating_casters,
          nicolae_vaults_offset_grid_hallway_1, nicolae_vaults_network_barrier,
          nicolae_vaults_network_square, v_alt_pattern_6,
          nicolae_vaults_diamond_1, ontoclasm_vaults_ring_small,
          vaults_room_octagon, nicolae_vaults_diagonal_hallway_7,
          hangedman_vaults_corner_blocks, nicolae_vaults_little_squares_1,
          nicolae_vaults_rhombus_6, layout_vaults_omnibox, uniq_mara
Vaults:5
Crypt:1:  layout_rooms, grunt_ministairs_11, minivault_23
Crypt:2:  layout_catacombs, st_stairs_3, eino_tiny_chamber, grunt_megastairs_3,
          uniq_jory, uniq_bai_suzhen
Crypt:3:  grunt_crypt_end_deaths_head, uniq_josephina
Depths:1: layout_gridlike, abyss_entry_small_statue_room, serial_bayou_pond_d,
          grunt_metal_band, minmay_pinched_square
Depths:2: minmay_triangles_in_corner, layout_twisted_cross, ziggurat_fallback,
          grunt_pan_entry_zigzag, grunt_dithmenos_smoke, hell_entry
Depths:3: minmay_the_grid_four_pointed_star_mashed
          [minmay_the_grid_triangle_9x9_longest,
          minmay_the_grid_triangle_9x9_zippers_horizontal,
          minmay_the_grid_triangle_9x9_thin_v,
          minmay_the_grid_triangle_9x9_windchime,
          minmay_the_grid_prize_trominoes], layout_cave_pools,
          pf_hell_entry_great_geh, serial_glass, glass_columns_b,
          glass_columns_c, nicolae_abyss_entry_one_way_or_another,
          ebering_ghost_xom, nicolae_figureground_pulse
Depths:4: evilmike_zot_entry_basic, layout_gridlike, hell_entry, abyss_entry,
          chei_slow_surprise
Zot:1:    layout_twisted_circle, grunt_ministairs_15
Zot:2:    layout_misc_corridors, hangedman_hellfire_club
Zot:3:    layout_twisted_circle, bh_zot_lava_cross, grunt_ministairs_11,
          uniq_parghit
Zot:4:    layout_misc_corridors, regret_index_zotdec_serpentine_scales
Zot:5:    layout_basic, door_vault

Skill      XL: |  1  2  3  4  5  6  7  8  9 10 11 12 13 14 15 16 17 18 19 20 21 22 23 24 25 26 |
---------------+-------------------------------------------------------------------------------+-----
Stealth        | 4 5 |  5.0
Fighting       | 2 3 5 6 10 11 12 15 17 18 20 | 20.6
Summonings     | 5 6 7 8 12 15 | 15.9
Air Magic      | 4 8 |  8.0
Spellcasting   | 3 6 8 10 11 12 15 17 19 20 | 20.1
Evocations     | 2 6 8 12 14 17 20 22 | 22.3
Dodging        | 4 6 8 |  8.3
Shields        | 2 4 5 7 |  7.7
Conjurations   | 8 9 |  9.8
Earth Magic    | 4 7 |  7.7
Armour         | 5 6 7 |  7.7
Fire Magic     | 6 14 15 | 15.0
Polearms       | 10 | 10.8
Translocations | 3 4 |  4.0

Action                     |  1- 3 |  4- 6 |  7- 9 | 10-12 | 13-15 | 16-18 | 19-21 | 22-24 | 25-27 || total
---------------------------+-------+-------+-------+-------+-------+-------+-------+-------+-------++-------
  Melee: Whip              |     7 |       |       |       |       |       |       |       |       ||     7
         Dagger            |     3 |    26 |    53 |    85 |   203 |    44 |   109 |       |       ||   523
         Punch             |       |       |     1 |       |       |       |       |       |       ||     1
         Constrict         |       |       |       |       |    45 |    13 |    14 |    58 |    47 ||   177
         Demon trident     |       |       |       |       |       |       |       |   542 |   516 ||  1058
  Throw: Dart              |       |       |       |       |       |     1 |       |       |       ||     1
   Cast: Summon Small Mamm |    98 |    38 |    21 |       |       |       |       |       |       ||   157
         Call Imp          |    36 |    50 |    14 |       |       |       |       |       |       ||   100
         Call Canine Famil |       |    21 |    31 |    13 |    10 |     1 |       |       |       ||    76
         Summon Lightning  |       |       |    27 |    57 |   113 |    82 |    37 |       |       ||   316
         Airstrike         |       |       |       |   203 |   484 |   633 |   271 |    27 |     7 ||  1625
         Summon Cactus Gia |       |       |       |       |       |    31 |     5 |       |       ||    36
         Summon Guardian G |       |       |       |       |       |     2 |       |       |       ||     2
         Spellforged Servi |       |       |       |       |       |    38 |    99 |    69 |    39 ||   245
         Bombard           |       |       |       |       |       |    10 |   206 |   143 |   105 ||   464
         Ignition          |       |       |       |       |       |       |    29 |   116 |    88 ||   233
         Summon Horrible T |       |       |       |       |       |       |       |     5 |    19 ||    24
 Invoke: Curse Item        |     1 |     2 |     2 |     3 |     3 |     2 |     3 |     1 |     2 ||    19
         Shatter the Chain |       |       |     1 |       |     2 |     2 |     1 |     3 |       ||     9
Ability: Spit Poison       |    19 |    19 |     9 |     4 |     3 |     1 |       |       |       ||    55
  Evoke: Wand              |       |       |     1 |    11 |     8 |    24 |    18 |     8 |    20 ||    90
         Lightning rod     |       |       |       |       |       |    13 |     5 |       |       ||    18
         Tin of tremorston |       |       |       |       |       |     2 |     4 |       |     1 ||     7
         Box of beasts     |       |       |       |       |       |       |     4 |     1 |     2 ||     7
         Phantom mirror    |       |       |       |       |       |       |       |       |     1 ||     1
    Use: Potion            |     1 |       |       |     1 |       |     3 |     2 |     8 |     7 ||    22
         Scroll            |     2 |       |       |     1 |     2 |     2 |     5 |    21 |     6 ||    39
   Stab: Distracted        |       |     1 |     1 |     1 |     4 |     1 |     4 |    18 |    31 ||    61
         Sleeping          |       |     1 |       |     1 |       |     1 |       |     5 |     1 ||     9
 Armour: Robe              |    17 |    21 |    42 |   187 |   334 |   303 |   411 |   350 |   425 ||  2090
  Dodge: Dodged            |     7 |    16 |    28 |    80 |   233 |   145 |   228 |   127 |   166 ||  1030
  Block: Buckler           |       |       |       |    24 |   111 |    63 |   138 |   110 |   104 ||   550

Table legend: (Time is in decaauts)
 A = Elapsed time spent in this place.
 B = Non-inter-level travel time spent in this place.
 C = Inter-level travel time spent in this place.
 D = Time resting spent in this place.
 E = Time spent auto-exploring this place.
 F = Levels seen in this place.
 G = Mean time per level.
                   A        B        C        D        E       F      G
               +--------+--------+--------+--------+--------+-----+--------+
         Total | 100668 |  87118 |  13550 |  11435 |  59988 |  57 | 1766.1 |
       Dungeon |  30513 |  25497 |   5016 |   4458 |  15348 |  15 | 2034.2 |
          Lair |  11255 |   9036 |   2219 |    587 |   7400 |   5 | 2251.0 |
         Swamp |   6547 |   5610 |    937 |     11 |   4816 |   4 | 1636.8 |
     Snake Pit |   7761 |   7123 |    638 |    336 |   5636 |   4 | 1940.2 |
    Slime Pits |   4194 |   4003 |    191 |   2274 |    913 |   5 |  838.8 |
  Orcish Mines |   2485 |   2118 |    367 |    120 |   1650 |   2 | 1242.5 |
   Elven Halls |   7541 |   6630 |    911 |    404 |   5339 |   3 | 2513.7 |
        Vaults |  15846 |  13777 |   2069 |    336 |  11087 |   5 | 3169.2 |
         Crypt |   5345 |   4987 |    358 |     31 |   4224 |   3 | 1781.7 |
        Depths |   2395 |   2066 |    329 |    723 |    824 |   4 |  598.8 |
           Zot |   5350 |   4838 |    512 |   1789 |   2110 |   5 | 1070.0 |
       Ossuary |    652 |    652 |      0 |    345 |    131 |   1 |  652.0 |
        Wizlab |    780 |    780 |      0 |     20 |    506 |   1 |  780.0 |
               +--------+--------+--------+--------+--------+-----+--------+

Top non-repeatable levels by time:
     D:1: 4605 daAuts
Vaults:3: 4216 daAuts
    D:14: 3996 daAuts
Vaults:1: 3709 daAuts
 Slime:5: 3351 daAuts
   Zot:5: 3187 daAuts
   Elf:2: 3115 daAuts
Vaults:5: 2871 daAuts
  Lair:5: 2805 daAuts
    D:10: 2768 daAuts
Vaults:2: 2750 daAuts
  Lair:2: 2687 daAuts
     D:5: 2517 daAuts
 Crypt:3: 2491 daAuts
   Elf:3: 2392 daAuts
